 Dungeon Crawl Stone Soup version 0.31.0-11-ge490571c62 (webtiles) character file.

Game seed: 3618186944720754560

10150 qw the Nimble (level 11, 0/56 HPs)
             Began as a Spriggan Hunter on Feb 4, 2024.
             Was an Elder of Okawaru.
             Slain by a death yak (3 damage)
             ... on level 2 of the Lair of Beasts.
             The game lasted 00:02:16 (10964 turns).

qw the Nimble (Spriggan Hunter)                    Turns: 10964, Time: 00:02:17

Health: 0/56       AC: 14    Str:  7    XL:     11   Next: 32%
Magic:  12/15      EV: 29    Int: 12    God:    Okawaru [****..]
Gold:   389        SH:  0    Dex: 22    Spells: 10/10 levels left

rFire   + . .        b - +8 shortbow "Viushreiw" {heavy, rC++ rCorr Stlth+}
rCold   + . .        (shield currently unavailable)
rNeg    . . .        r - +0 steam dragon scales
rPois   .            t - +2 hat
rElec   +            d - +2 cloak
rCorr   +            (gloves unavailable)
SInv    +            (boots unavailable)
Will    +....        l - amulet of the Air {Inacc Air Fly rElec RMsl}
Stlth   +++          m - ring of fire
HPRegen 0.29/turn    o - +4 ring of protection
MPRegen 0.14/turn

%: inaccuracy (-5), repel missiles
@: finesse-ful, flying, very quick
A: very small, no large weapons, unfitting armour, see invisible, speed 3
a: Renounce Religion, Heroism, Finesse


You were on level 2 of the Lair of Beasts.
You worshipped Okawaru.
Okawaru was greatly pleased with you.
You visited 3 branches of the dungeon, and saw 11 of its levels.

You collected 389 gold pieces.


Innate Abilities, Weirdness & Mutations

You are very small and have problems with some larger weapons.
You are too small for most types of armour.
You have supernaturally acute eyesight. (SInv)
You cover ground extremely quickly. (Speed+++)


   Skills:
 - Level 5.2 Fighting
 - Level 13.0 Ranged Weapons
 - Level 1.2 Armour
 + Level 13.1 Dodging
 - Level 1.5 Stealth
 + Level 5.0 Invocations


You had 10 spell levels left.
You didn't know any spells.
Your spell library was empty.

Inventory:

Hand Weapons
 b - the +8 shortbow "Viushreiw" (weapon) {heavy, rC++ rCorr Stlth+}
   (You found it on level 3 of the Dungeon)

   rC++:      It greatly protects you from cold.
   rCorr:     It protects you from acid and corrosion.
   Stlth+:    It makes you more stealthy.
 n - a +1 orcbow
Armour
 d - a +2 cloak (worn)
 i - a scarf of resistance
 r - +0 steam dragon scales (worn)
 t - a +2 hat (worn)
Jewellery
 c - the amulet of Folisuc {Acrobat Harm Int+3}
   (You acquired it on level 7 of the Dungeon)

   [amulet of the acrobat]

   Acrobat:   It increases your evasion while moving and waiting.
   Int+3:     It affects your intelligence (+3).
   Harm:      It increases damage dealt and taken.
 l - the amulet of the Air (around neck) {Inacc Air Fly rElec RMsl}
   (You found it on level 4 of the Dungeon)

   [amulet of nothing]

   Inacc:     It reduces the accuracy of your attacks and spells.
   Air:       It enhances your air magic.
   rElec:     It insulates you from electricity.
   Fly:       It grants you flight.
   RMsl:      It protects you from missiles.
 m - a ring of fire (left hand)
 o - a +4 ring of protection (right hand)
Scrolls
 s - a scroll of enchant weapon
Potions
 e - 2 potions of enlightenment
 f - 4 potions of curing
 g - a potion of mutation
 k - a potion of might
 q - a potion of degeneration {unknown}
 u - a potion of invisibility {unknown}

Dungeon Overview and Level Annotations

Branches:
Dungeon (8/15)             Temple (1/1) D:6            Lair (2/5) D:8
  Swamp: Lair:2-3    Shoals: Lair:2-3     Snake: Lair:2-3    Spider: Lair:2-3

Altars:
Ashenzari
Cheibriados
Dithmenos
Elyvilon
Fedhas
Gozag
Hepliaklqana
Kikubaaqudgha
Makhleb
Okawaru
Qazlal
Ru
Sif Muna
Trog
Uskayaw
Vehumet
Wu Jian
Yredelemnul
Zin
The Shining One

Annotations:
D:2 1 runed translucent door, Crazy Yiuf
D:3 3 runed translucent doors, qw's ghost, amateur DEHu


Message History

The death yak is almost dead.
You shoot an arrow. The arrow hits the death yak!
You kill the death yak!
Okawaru is honoured by your kill.
You can now speed up your combat.
You shoot an arrow. The arrow barely misses the death yak.
The arrow hits the death yak!!
The death yak is moderately wounded.
You hear a bellow!
You shoot an arrow.
The arrow closely misses the death yak. x2
You shoot an arrow. The arrow hits the death yak!
The death yak is lightly wounded.
You shoot an arrow. The arrow hits the death yak!
The death yak is moderately wounded.
The death yak barely misses you.
You shoot an arrow. The arrow hits the death yak!!
The death yak is severely wounded.
You shoot an arrow. The arrow hits the death yak!
The death yak is severely wounded.
The death yak gores you.
You shoot an arrow. The arrow hits the death yak.
The death yak is almost dead.
The death yak completely misses you. The death yak gores you!!
The death yak gores you!
You shoot an arrow. The arrow barely misses the death yak.
You shoot an arrow.
The arrow completely misses the death yak.
The death yak completely misses you. The death yak misses you. x2
You shoot an arrow. The arrow barely misses the death yak.
You shoot an arrow. The arrow hits the death yak!!
You kill the death yak!
Okawaru is honoured by your kill. The death yak gores you!!
The death yak completely misses you.
Your Ranged Weapons skill increases to level 13!
Your Invocations skill increases to level 5!
You shoot an arrow.
The arrow hits the death yak but does no damage.
The death yak is moderately wounded.
You shoot an arrow. The arrow closely misses the death yak.
The death yak gores you.
You die...

## #......# ##.##
.....##
.....##..!...#
.......#.....##
.......<.....P#
..............#
..............##.
.................
.........@.......
........Y%Y......
........Y%.......
.P......$........
................
................
P.$.............
................
......Y........


You could see 3 death yaks.

Vanquished Creatures
  2 death yaks (Lair:2)
  5 elephants (Lair:1)
  4 cane toads (Lair:1)
  A troll (D:7)
  Sigmund (D:2)
  A wraith (D:8)
  3 wyverns
  10 yaks
  3 steam dragons
  5 water moccasins
  An ice beast (D:5)
  A black bear (D:7)
  2 centaurs
  4 kobold brigands
  5 bullfrogs
  2 scorpions
  10 wights
  11 killer bees (D:7)
  2 bombardier beetles
  3 howler monkeys
  2 jellies
  A hound (D:6)
  2 orc priests
  3 sleepcaps
  Terence (D:2)
  Natasha (thrice) (D:3)
  2 iguanas
  3 orc wizards
  A hound zombie (D:3)
  4 gnolls (D:4)
  6 adders
  A shadow imp (D:6)
  2 white imps (D:6)
  An adder zombie (D:3)
  3 dart slugs
  21 orcs
  5 endoplasms
  4 giant cockroaches
  19 goblins
  6 hobgoblins
  7 jackals (D:4)
  2 quokkas
  8 ball pythons
  3 bats
  4 frilled lizards
  25 kobolds
  5 rats
220 creatures vanquished.

Vanquished Creatures (others)
  A shadow imp (D:7)
1 creature vanquished.

Grand Total: 221 creatures vanquished

Notes
Turn   | Place    | Note
-------+----------+-------------------------------------------
     0 | D:1      | qw the Spriggan Hunter began the quest for the Orb.
     0 | D:1      | Reached XP level 1. HP: 10/10 MP: 2/2
     0 | D:1      | 0 ||| qw: Version: 0.3-a-160-g6735b56
     0 | D:1      | 0 ||| qw: Game counter: 4886
     0 | D:1      | 0 ||| qw: Melee chars always use a shield: true
     0 | D:1      | 0 ||| qw: God list: Okawaru
     0 | D:1      | 0 ||| qw: Allow faded altars: false
     0 | D:1      | 0 ||| qw: Do Orc after clearing Dungeon:15 true
     0 | D:1      | 0 ||| qw: Do second Lair branch before Depths: true
     0 | D:1      | 0 ||| qw: Lair rune preference: random
     0 | D:1      | 0 ||| qw: Goals: Normal
     0 | D:1      | 0 ||| PLANNING D:1-11
    23 | D:1      | Reached skill level 3 in Dodging
   123 | D:1      | Reached XP level 2. HP: 14/14 MP: 3/3
   839 | D:1      | 839 ||| READING scroll labelled FEMUYRR WIAGH.
   840 | D:1      | 840 ||| READING scroll labelled RAHADGH SUGAIMN.
   864 | D:1      | 864 ||| DROPPING scroll of butterflies.
  1048 | D:2      | Reached XP level 3. HP: 18/18 MP: 4/4
  1354 | D:2      | Noticed Sigmund
  1365 | D:2      | 1365 ||| DRINKING smoky purple potion.
  1366 | D:2      | 1366 ||| DRINKING emerald potion.
  1376 | D:2      | Killed Sigmund
  1377 | D:2      | Reached skill level 6 in Ranged Weapons
  1377 | D:2      | Reached XP level 4. HP: 17/22 MP: 5/5
  1377 | D:2      | Reached XP level 5. HP: 19/25 MP: 6/6
  1440 | D:2      | Noticed Terence
  1449 | D:2      | Killed Terence
  1590 | D:2      | You fall into a shaft and drop 2 floors!
  1664 | D:4      | Found a hazy altar of Hepliaklqana.
  1674 | D:4      | Reached XP level 6. HP: 21/30 MP: 7/7
  1681 | D:4      | HP: 7/30 [orc/+0 mace (6)]
  1686 | D:4      | HP: 3/30 [orc/+0 club (3)]
  1794 | D:4      | 1794 ||| READING scroll labelled BOCE POOZXIGIS.
  1798 | D:4      | 1798 ||| READING scroll labelled IKASTR QEANGYNKURAC.
  1799 | D:4      | 1799 ||| Stepping randomly (stuck).
  1820 | D:4      | 1820 ||| Stepping randomly (stuck).
  1821 | D:4      | 1821 ||| Stepping randomly (stuck).
  1822 | D:4      | 1822 ||| Stepping randomly (stuck).
  1823 | D:4      | 1823 ||| Stepping randomly (stuck).
  1824 | D:4      | 1824 ||| Stepping randomly (stuck).
  1825 | D:4      | 1825 ||| Stepping randomly (stuck).
  1826 | D:4      | 1826 ||| Stepping randomly (stuck).
  1827 | D:4      | 1827 ||| Stepping randomly (stuck).
  1828 | D:4      | 1828 ||| Stepping randomly (stuck).
  1829 | D:4      | 1829 ||| Stepping randomly (stuck).
  1830 | D:4      | 1830 ||| Stepping randomly (stuck).
  1831 | D:4      | 1831 ||| Stepping randomly (stuck).
  1832 | D:4      | 1832 ||| Stepping randomly (stuck).
  1833 | D:4      | 1833 ||| Stepping randomly (stuck).
  1834 | D:4      | 1834 ||| Stepping randomly (stuck).
  1835 | D:4      | 1835 ||| Stepping randomly (stuck).
  1836 | D:4      | 1836 ||| Stepping randomly (stuck).
  1837 | D:4      | 1837 ||| Stepping randomly (stuck).
  1838 | D:4      | 1838 ||| Stepping randomly (stuck).
  1839 | D:4      | 1839 ||| Stepping randomly (stuck).
  1840 | D:4      | 1840 ||| Stepping randomly (stuck).
  1841 | D:4      | 1841 ||| Stepping randomly (stuck).
  1842 | D:4      | 1842 ||| Stepping randomly (stuck).
  1843 | D:4      | 1843 ||| Stepping randomly (stuck).
  1844 | D:4      | 1844 ||| Stepping randomly (stuck).
  1845 | D:4      | 1845 ||| Stepping randomly (stuck).
  1846 | D:4      | 1846 ||| Stepping randomly (stuck).
  1847 | D:4      | 1847 ||| Stepping randomly (stuck).
  1847 | D:4      | Identified the +6 long sword of Ammure {flame, *Slow rF-
                  | Int+7 Dex+8}
  1850 | D:4      | 1850 ||| Stepping randomly (stuck).
  1851 | D:4      | 1851 ||| Stepping randomly (stuck).
  1852 | D:4      | 1852 ||| Stepping randomly (stuck).
  1853 | D:4      | 1853 ||| Stepping randomly (stuck).
  1854 | D:4      | 1854 ||| Stepping randomly (stuck).
  1855 | D:4      | 1855 ||| Stepping randomly (stuck).
  1856 | D:4      | 1856 ||| Stepping randomly (stuck).
  1857 | D:4      | 1857 ||| Stepping randomly (stuck).
  1858 | D:4      | 1858 ||| Stepping randomly (stuck).
  1859 | D:4      | 1859 ||| Stepping randomly (stuck).
  1860 | D:4      | 1860 ||| Stepping randomly (stuck).
  1861 | D:4      | 1861 ||| Stepping randomly (stuck).
  1862 | D:4      | 1862 ||| Stepping randomly (stuck).
  1863 | D:4      | 1863 ||| Stepping randomly (stuck).
  1864 | D:4      | 1864 ||| Stepping randomly (stuck).
  1865 | D:4      | 1865 ||| Stepping randomly (stuck).
  1866 | D:4      | 1866 ||| Stepping randomly (stuck).
  1867 | D:4      | 1867 ||| Stepping randomly (stuck).
  1868 | D:4      | 1868 ||| Stepping randomly (stuck).
  1869 | D:4      | 1869 ||| Stepping randomly (stuck).
  1870 | D:4      | 1870 ||| Stepping randomly (stuck).
  1871 | D:4      | 1871 ||| Stepping randomly (stuck).
  1872 | D:4      | 1872 ||| Stepping randomly (stuck).
  1873 | D:4      | 1873 ||| Stepping randomly (stuck).
  1874 | D:4      | 1874 ||| Stepping randomly (stuck).
  1875 | D:4      | 1875 ||| Stepping randomly (stuck).
  1876 | D:4      | 1876 ||| Stepping randomly (stuck).
  1877 | D:4      | 1877 ||| Stepping randomly (stuck).
  1878 | D:4      | 1878 ||| Stepping randomly (stuck).
  1879 | D:4      | 1879 ||| Stepping randomly (stuck).
  1880 | D:4      | 1880 ||| Stepping randomly (stuck).
  1881 | D:4      | 1881 ||| Stepping randomly (stuck).
  1882 | D:4      | 1882 ||| Stepping randomly (stuck).
  1883 | D:4      | 1883 ||| Stepping randomly (stuck).
  1884 | D:4      | 1884 ||| Stepping randomly (stuck).
  1885 | D:4      | 1885 ||| Stepping randomly (stuck).
  1886 | D:4      | 1886 ||| Stepping randomly (stuck).
  1887 | D:4      | 1887 ||| Stepping randomly (stuck).
  1888 | D:4      | 1888 ||| Stepping randomly (stuck).
  1889 | D:4      | 1889 ||| Stepping randomly (stuck).
  1890 | D:4      | 1890 ||| Stepping randomly (stuck).
  1891 | D:4      | 1891 ||| Stepping randomly (stuck).
  1892 | D:4      | 1892 ||| Stepping randomly (stuck).
  1893 | D:4      | 1893 ||| Stepping randomly (stuck).
  1894 | D:4      | 1894 ||| Stepping randomly (stuck).
  1895 | D:4      | 1895 ||| Stepping randomly (stuck).
  1896 | D:4      | 1896 ||| Stepping randomly (stuck).
  1897 | D:4      | 1897 ||| Stepping randomly (stuck).
  1898 | D:4      | 1898 ||| Stepping randomly (stuck).
  1899 | D:4      | 1899 ||| Stepping randomly (stuck).
  1900 | D:4      | 1900 ||| Stepping randomly (stuck).
  1901 | D:4      | 1901 ||| Stepping randomly (stuck).
  1902 | D:4      | 1902 ||| Stepping randomly (stuck).
  1903 | D:4      | 1903 ||| Stepping randomly (stuck).
  1904 | D:4      | 1904 ||| Stepping randomly (stuck).
  1905 | D:4      | 1905 ||| Stepping randomly (stuck).
  1906 | D:4      | 1906 ||| Stepping randomly (stuck).
  1907 | D:4      | 1907 ||| Stepping randomly (stuck).
  1908 | D:4      | 1908 ||| Stepping randomly (stuck).
  1909 | D:4      | 1909 ||| Stepping randomly (stuck).
  1910 | D:4      | 1910 ||| Stepping randomly (stuck).
  1911 | D:4      | 1911 ||| Stepping randomly (stuck).
  1912 | D:4      | 1912 ||| Stepping randomly (stuck).
  1913 | D:4      | 1913 ||| Stepping randomly (stuck).
  1914 | D:4      | 1914 ||| Stepping randomly (stuck).
  1915 | D:4      | 1915 ||| Stepping randomly (stuck).
  1916 | D:4      | 1916 ||| Stepping randomly (stuck).
  1917 | D:4      | 1917 ||| Stepping randomly (stuck).
  1918 | D:4      | 1918 ||| Stepping randomly (stuck).
  1919 | D:4      | 1919 ||| Stepping randomly (stuck).
  1920 | D:4      | 1920 ||| Stepping randomly (stuck).
  1921 | D:4      | 1921 ||| Stepping randomly (stuck).
  1922 | D:4      | 1922 ||| Stepping randomly (stuck).
  1923 | D:4      | 1923 ||| Stepping randomly (stuck).
  1924 | D:4      | 1924 ||| Stepping randomly (stuck).
  1925 | D:4      | 1925 ||| Stepping randomly (stuck).
  1926 | D:4      | 1926 ||| Stepping randomly (stuck).
  1927 | D:4      | 1927 ||| Stepping randomly (stuck).
  1928 | D:4      | 1928 ||| Stepping randomly (stuck).
  1929 | D:4      | 1929 ||| Stepping randomly (stuck).
  1930 | D:4      | 1930 ||| Stepping randomly (stuck).
  1931 | D:4      | 1931 ||| Stepping randomly (stuck).
  1932 | D:4      | 1932 ||| Stepping randomly (stuck).
  1933 | D:4      | 1933 ||| Stepping randomly (stuck).
  1934 | D:4      | 1934 ||| Stepping randomly (stuck).
  1935 | D:4      | 1935 ||| Stepping randomly (stuck).
  1936 | D:4      | 1936 ||| Stepping randomly (stuck).
  1937 | D:4      | 1937 ||| Stepping randomly (stuck).
  1938 | D:4      | 1938 ||| Stepping randomly (stuck).
  1939 | D:4      | 1939 ||| Stepping randomly (stuck).
  1940 | D:4      | 1940 ||| Stepping randomly (stuck).
  1941 | D:4      | 1941 ||| Stepping randomly (stuck).
  1942 | D:4      | 1942 ||| Stepping randomly (stuck).
  1943 | D:4      | 1943 ||| Stepping randomly (stuck).
  1944 | D:4      | 1944 ||| Stepping randomly (stuck).
  1945 | D:4      | 1945 ||| Stepping randomly (stuck).
  1946 | D:4      | 1946 ||| Stepping randomly (stuck).
  1947 | D:4      | 1947 ||| Stepping randomly (stuck).
  1948 | D:4      | 1948 ||| Stepping randomly (stuck).
  1949 | D:4      | 1949 ||| Stepping randomly (stuck).
  1950 | D:4      | 1950 ||| Stepping randomly (stuck).
  1951 | D:4      | 1951 ||| Stepping randomly (stuck).
  1952 | D:4      | 1952 ||| Stepping randomly (stuck).
  1953 | D:4      | 1953 ||| Stepping randomly (stuck).
  1954 | D:4      | 1954 ||| Stepping randomly (stuck).
  1955 | D:4      | 1955 ||| Stepping randomly (stuck).
  1956 | D:4      | 1956 ||| Stepping randomly (stuck).
  1957 | D:4      | 1957 ||| Stepping randomly (stuck).
  1958 | D:4      | 1958 ||| Stepping randomly (stuck).
  1959 | D:4      | 1959 ||| Stepping randomly (stuck).
  1960 | D:4      | 1960 ||| Stepping randomly (stuck).
  1961 | D:4      | 1961 ||| Stepping randomly (stuck).
  1962 | D:4      | 1962 ||| Stepping randomly (stuck).
  1963 | D:4      | 1963 ||| Stepping randomly (stuck).
  1964 | D:4      | 1964 ||| Stepping randomly (stuck).
  1965 | D:4      | 1965 ||| Stepping randomly (stuck).
  1966 | D:4      | 1966 ||| Stepping randomly (stuck).
  1967 | D:4      | 1967 ||| Stepping randomly (stuck).
  1968 | D:4      | 1968 ||| Stepping randomly (stuck).
  1969 | D:4      | 1969 ||| Stepping randomly (stuck).
  1970 | D:4      | 1970 ||| Stepping randomly (stuck).
  1971 | D:4      | 1971 ||| Stepping randomly (stuck).
  1972 | D:4      | 1972 ||| Stepping randomly (stuck).
  1973 | D:4      | 1973 ||| Stepping randomly (stuck).
  1974 | D:4      | 1974 ||| Stepping randomly (stuck).
  1975 | D:4      | 1975 ||| Stepping randomly (stuck).
  1976 | D:4      | 1976 ||| Stepping randomly (stuck).
  1977 | D:4      | 1977 ||| Stepping randomly (stuck).
  1978 | D:4      | 1978 ||| Stepping randomly (stuck).
  1979 | D:4      | 1979 ||| Stepping randomly (stuck).
  1980 | D:4      | 1980 ||| Stepping randomly (stuck).
  1981 | D:4      | 1981 ||| Stepping randomly (stuck).
  1982 | D:4      | 1982 ||| Stepping randomly (stuck).
  1983 | D:4      | 1983 ||| Stepping randomly (stuck).
  1984 | D:4      | 1984 ||| Stepping randomly (stuck).
  1985 | D:4      | 1985 ||| Stepping randomly (stuck).
  1986 | D:4      | 1986 ||| Stepping randomly (stuck).
  1987 | D:4      | 1987 ||| Stepping randomly (stuck).
  1988 | D:4      | 1988 ||| Stepping randomly (stuck).
  1989 | D:4      | 1989 ||| Stepping randomly (stuck).
  1990 | D:4      | 1990 ||| Stepping randomly (stuck).
  1991 | D:4      | 1991 ||| Stepping randomly (stuck).
  1992 | D:4      | 1992 ||| Stepping randomly (stuck).
  1993 | D:4      | 1993 ||| Stepping randomly (stuck).
  1994 | D:4      | 1994 ||| Stepping randomly (stuck).
  1995 | D:4      | 1995 ||| Stepping randomly (stuck).
  1996 | D:4      | 1996 ||| Stepping randomly (stuck).
  1997 | D:4      | 1997 ||| Stepping randomly (stuck).
  1998 | D:4      | 1998 ||| Stepping randomly (stuck).
  1999 | D:4      | 1999 ||| Stepping randomly (stuck).
  2000 | D:4      | 2000 ||| Stepping randomly (stuck).
  2001 | D:4      | 2001 ||| Stepping randomly (stuck).
  2002 | D:4      | 2002 ||| Stepping randomly (stuck).
  2003 | D:4      | 2003 ||| Stepping randomly (stuck).
  2004 | D:4      | 2004 ||| Stepping randomly (stuck).
  2005 | D:4      | 2005 ||| Stepping randomly (stuck).
  2006 | D:4      | 2006 ||| Stepping randomly (stuck).
  2007 | D:4      | 2007 ||| Stepping randomly (stuck).
  2008 | D:4      | 2008 ||| Stepping randomly (stuck).
  2009 | D:4      | 2009 ||| Stepping randomly (stuck).
  2010 | D:4      | 2010 ||| Stepping randomly (stuck).
  2011 | D:4      | 2011 ||| Stepping randomly (stuck).
  2012 | D:4      | 2012 ||| Stepping randomly (stuck).
  2013 | D:4      | 2013 ||| Stepping randomly (stuck).
  2014 | D:4      | 2014 ||| Stepping randomly (stuck).
  2015 | D:4      | 2015 ||| Stepping randomly (stuck).
  2016 | D:4      | 2016 ||| Stepping randomly (stuck).
  2017 | D:4      | 2017 ||| Stepping randomly (stuck).
  2018 | D:4      | 2018 ||| Stepping randomly (stuck).
  2019 | D:4      | 2019 ||| Stepping randomly (stuck).
  2020 | D:4      | 2020 ||| Stepping randomly (stuck).
  2021 | D:4      | 2021 ||| Stepping randomly (stuck).
  2022 | D:4      | 2022 ||| Stepping randomly (stuck).
  2023 | D:4      | 2023 ||| Stepping randomly (stuck).
  2024 | D:4      | 2024 ||| Stepping randomly (stuck).
  2025 | D:4      | 2025 ||| Stepping randomly (stuck).
  2026 | D:4      | 2026 ||| Stepping randomly (stuck).
  2027 | D:4      | 2027 ||| Stepping randomly (stuck).
  2028 | D:4      | 2028 ||| Stepping randomly (stuck).
  2029 | D:4      | 2029 ||| Stepping randomly (stuck).
  2030 | D:4      | 2030 ||| Stepping randomly (stuck).
  2031 | D:4      | 2031 ||| Stepping randomly (stuck).
  2032 | D:4      | 2032 ||| Stepping randomly (stuck).
  2033 | D:4      | 2033 ||| Stepping randomly (stuck).
  2034 | D:4      | 2034 ||| Stepping randomly (stuck).
  2035 | D:4      | 2035 ||| Stepping randomly (stuck).
  2036 | D:4      | 2036 ||| Stepping randomly (stuck).
  2037 | D:4      | 2037 ||| Stepping randomly (stuck).
  2038 | D:4      | 2038 ||| Stepping randomly (stuck).
  2039 | D:4      | 2039 ||| Stepping randomly (stuck).
  2040 | D:4      | 2040 ||| Stepping randomly (stuck).
  2041 | D:4      | 2041 ||| Stepping randomly (stuck).
  2042 | D:4      | 2042 ||| Stepping randomly (stuck).
  2043 | D:4      | 2043 ||| Stepping randomly (stuck).
  2044 | D:4      | 2044 ||| Stepping randomly (stuck).
  2045 | D:4      | 2045 ||| Stepping randomly (stuck).
  2046 | D:4      | 2046 ||| Stepping randomly (stuck).
  2047 | D:4      | 2047 ||| Stepping randomly (stuck).
  2048 | D:4      | 2048 ||| Stepping randomly (stuck).
  2049 | D:4      | 2049 ||| Stepping randomly (stuck).
  2050 | D:4      | 2050 ||| Stepping randomly (stuck).
  2051 | D:4      | 2051 ||| Stepping randomly (stuck).
  2052 | D:4      | 2052 ||| Stepping randomly (stuck).
  2053 | D:4      | 2053 ||| Stepping randomly (stuck).
  2054 | D:4      | 2054 ||| Stepping randomly (stuck).
  2055 | D:4      | 2055 ||| Stepping randomly (stuck).
  2056 | D:4      | 2056 ||| Stepping randomly (stuck).
  2057 | D:4      | 2057 ||| Stepping randomly (stuck).
  2058 | D:4      | 2058 ||| Stepping randomly (stuck).
  2059 | D:4      | 2059 ||| Stepping randomly (stuck).
  2060 | D:4      | 2060 ||| Stepping randomly (stuck).
  2061 | D:4      | 2061 ||| Stepping randomly (stuck).
  2062 | D:4      | 2062 ||| Stepping randomly (stuck).
  2063 | D:4      | 2063 ||| Stepping randomly (stuck).
  2064 | D:4      | 2064 ||| Stepping randomly (stuck).
  2065 | D:4      | 2065 ||| Stepping randomly (stuck).
  2066 | D:4      | 2066 ||| Stepping randomly (stuck).
  2067 | D:4      | 2067 ||| Stepping randomly (stuck).
  2068 | D:4      | 2068 ||| Stepping randomly (stuck).
  2069 | D:4      | 2069 ||| Stepping randomly (stuck).
  2070 | D:4      | 2070 ||| Stepping randomly (stuck).
  2071 | D:4      | 2071 ||| Stepping randomly (stuck).
  2072 | D:4      | 2072 ||| Stepping randomly (stuck).
  2073 | D:4      | 2073 ||| Stepping randomly (stuck).
  2074 | D:4      | 2074 ||| Stepping randomly (stuck).
  2075 | D:4      | 2075 ||| Stepping randomly (stuck).
  2076 | D:4      | 2076 ||| Stepping randomly (stuck).
  2077 | D:4      | 2077 ||| Stepping randomly (stuck).
  2078 | D:4      | 2078 ||| Stepping randomly (stuck).
  2079 | D:4      | 2079 ||| Stepping randomly (stuck).
  2080 | D:4      | 2080 ||| Stepping randomly (stuck).
  2081 | D:4      | 2081 ||| Stepping randomly (stuck).
  2082 | D:4      | 2082 ||| Stepping randomly (stuck).
  2083 | D:4      | 2083 ||| Stepping randomly (stuck).
  2084 | D:4      | 2084 ||| Stepping randomly (stuck).
  2085 | D:4      | 2085 ||| Stepping randomly (stuck).
  2086 | D:4      | 2086 ||| Stepping randomly (stuck).
  2087 | D:4      | 2087 ||| Stepping randomly (stuck).
  2088 | D:4      | 2088 ||| Stepping randomly (stuck).
  2089 | D:4      | 2089 ||| Stepping randomly (stuck).
  2090 | D:4      | 2090 ||| Stepping randomly (stuck).
  2091 | D:4      | 2091 ||| Stepping randomly (stuck).
  2092 | D:4      | 2092 ||| Stepping randomly (stuck).
  2093 | D:4      | 2093 ||| Stepping randomly (stuck).
  2094 | D:4      | 2094 ||| Stepping randomly (stuck).
  2095 | D:4      | 2095 ||| Stepping randomly (stuck).
  2096 | D:4      | 2096 ||| Stepping randomly (stuck).
  2097 | D:4      | 2097 ||| Stepping randomly (stuck).
  2098 | D:4      | 2098 ||| Stepping randomly (stuck).
  2099 | D:4      | 2099 ||| Stepping randomly (stuck).
  2100 | D:4      | 2100 ||| Stepping randomly (stuck).
  2101 | D:4      | 2101 ||| Stepping randomly (stuck).
  2102 | D:4      | 2102 ||| Stepping randomly (stuck).
  2103 | D:4      | 2103 ||| Stepping randomly (stuck).
  2104 | D:4      | 2104 ||| Stepping randomly (stuck).
  2105 | D:4      | 2105 ||| Stepping randomly (stuck).
  2106 | D:4      | 2106 ||| Stepping randomly (stuck).
  2107 | D:4      | 2107 ||| Stepping randomly (stuck).
  2108 | D:4      | 2108 ||| Stepping randomly (stuck).
  2109 | D:4      | 2109 ||| Stepping randomly (stuck).
  2110 | D:4      | 2110 ||| Stepping randomly (stuck).
  2111 | D:4      | 2111 ||| Stepping randomly (stuck).
  2112 | D:4      | 2112 ||| Stepping randomly (stuck).
  2113 | D:4      | 2113 ||| Stepping randomly (stuck).
  2114 | D:4      | 2114 ||| Stepping randomly (stuck).
  2115 | D:4      | 2115 ||| Stepping randomly (stuck).
  2116 | D:4      | 2116 ||| Stepping randomly (stuck).
  2117 | D:4      | 2117 ||| Stepping randomly (stuck).
  2118 | D:4      | 2118 ||| Stepping randomly (stuck).
  2119 | D:4      | 2119 ||| Stepping randomly (stuck).
  2120 | D:4      | 2120 ||| Stepping randomly (stuck).
  2121 | D:4      | 2121 ||| Stepping randomly (stuck).
  2122 | D:4      | 2122 ||| Stepping randomly (stuck).
  2123 | D:4      | 2123 ||| Stepping randomly (stuck).
  2124 | D:4      | 2124 ||| Stepping randomly (stuck).
  2125 | D:4      | 2125 ||| Stepping randomly (stuck).
  2126 | D:4      | 2126 ||| Stepping randomly (stuck).
  2127 | D:4      | 2127 ||| Stepping randomly (stuck).
  2128 | D:4      | 2128 ||| Stepping randomly (stuck).
  2129 | D:4      | 2129 ||| Stepping randomly (stuck).
  2130 | D:4      | 2130 ||| Stepping randomly (stuck).
  2131 | D:4      | 2131 ||| Stepping randomly (stuck).
  2132 | D:4      | 2132 ||| Stepping randomly (stuck).
  2133 | D:4      | 2133 ||| Stepping randomly (stuck).
  2134 | D:4      | 2134 ||| Stepping randomly (stuck).
  2135 | D:4      | 2135 ||| Stepping randomly (stuck).
  2136 | D:4      | 2136 ||| Stepping randomly (stuck).
  2137 | D:4      | 2137 ||| Stepping randomly (stuck).
  2138 | D:4      | 2138 ||| Stepping randomly (stuck).
  2139 | D:4      | 2139 ||| Stepping randomly (stuck).
  2140 | D:4      | 2140 ||| Stepping randomly (stuck).
  2141 | D:4      | 2141 ||| Stepping randomly (stuck).
  2142 | D:4      | 2142 ||| Stepping randomly (stuck).
  2143 | D:4      | 2143 ||| Stepping randomly (stuck).
  2144 | D:4      | 2144 ||| Stepping randomly (stuck).
  2145 | D:4      | 2145 ||| Stepping randomly (stuck).
  2146 | D:4      | 2146 ||| Stepping randomly (stuck).
  2147 | D:4      | 2147 ||| Stepping randomly (stuck).
  2148 | D:4      | 2148 ||| Stepping randomly (stuck).
  2149 | D:4      | 2149 ||| Stepping randomly (stuck).
  2150 | D:4      | 2150 ||| Stepping randomly (stuck).
  2151 | D:4      | 2151 ||| Stepping randomly (stuck).
  2152 | D:4      | 2152 ||| Stepping randomly (stuck).
  2153 | D:4      | 2153 ||| Stepping randomly (stuck).
  2154 | D:4      | 2154 ||| Stepping randomly (stuck).
  2155 | D:4      | 2155 ||| Stepping randomly (stuck).
  2156 | D:4      | 2156 ||| Stepping randomly (stuck).
  2157 | D:4      | 2157 ||| Stepping randomly (stuck).
  2158 | D:4      | 2158 ||| Stepping randomly (stuck).
  2159 | D:4      | 2159 ||| Stepping randomly (stuck).
  2160 | D:4      | 2160 ||| Stepping randomly (stuck).
  2161 | D:4      | 2161 ||| Stepping randomly (stuck).
  2162 | D:4      | 2162 ||| Stepping randomly (stuck).
  2163 | D:4      | 2163 ||| Stepping randomly (stuck).
  2164 | D:4      | 2164 ||| Stepping randomly (stuck).
  2165 | D:4      | 2165 ||| Stepping randomly (stuck).
  2166 | D:4      | 2166 ||| Stepping randomly (stuck).
  2167 | D:4      | 2167 ||| Stepping randomly (stuck).
  2168 | D:4      | 2168 ||| Stepping randomly (stuck).
  2169 | D:4      | 2169 ||| Stepping randomly (stuck).
  2170 | D:4      | 2170 ||| Stepping randomly (stuck).
  2171 | D:4      | 2171 ||| Stepping randomly (stuck).
  2172 | D:4      | 2172 ||| Stepping randomly (stuck).
  2173 | D:4      | 2173 ||| Stepping randomly (stuck).
  2174 | D:4      | 2174 ||| Stepping randomly (stuck).
  2175 | D:4      | 2175 ||| Stepping randomly (stuck).
  2176 | D:4      | 2176 ||| Stepping randomly (stuck).
  2177 | D:4      | 2177 ||| Stepping randomly (stuck).
  2178 | D:4      | 2178 ||| Stepping randomly (stuck).
  2179 | D:4      | 2179 ||| Stepping randomly (stuck).
  2180 | D:4      | 2180 ||| Stepping randomly (stuck).
  2181 | D:4      | 2181 ||| Stepping randomly (stuck).
  2182 | D:4      | 2182 ||| Stepping randomly (stuck).
  2183 | D:4      | 2183 ||| Stepping randomly (stuck).
  2184 | D:4      | 2184 ||| Stepping randomly (stuck).
  2185 | D:4      | 2185 ||| Stepping randomly (stuck).
  2186 | D:4      | 2186 ||| Stepping randomly (stuck).
  2187 | D:4      | 2187 ||| Stepping randomly (stuck).
  2188 | D:4      | 2188 ||| Stepping randomly (stuck).
  2189 | D:4      | 2189 ||| Stepping randomly (stuck).
  2190 | D:4      | 2190 ||| Stepping randomly (stuck).
  2191 | D:4      | 2191 ||| Stepping randomly (stuck).
  2192 | D:4      | 2192 ||| Stepping randomly (stuck).
  2193 | D:4      | 2193 ||| Stepping randomly (stuck).
  2194 | D:4      | 2194 ||| Stepping randomly (stuck).
  2195 | D:4      | 2195 ||| Stepping randomly (stuck).
  2196 | D:4      | 2196 ||| Stepping randomly (stuck).
  2197 | D:4      | 2197 ||| Stepping randomly (stuck).
  2198 | D:4      | 2198 ||| Stepping randomly (stuck).
  2199 | D:4      | 2199 ||| Stepping randomly (stuck).
  2200 | D:4      | 2200 ||| Stepping randomly (stuck).
  2201 | D:4      | 2201 ||| Stepping randomly (stuck).
  2202 | D:4      | 2202 ||| Stepping randomly (stuck).
  2203 | D:4      | 2203 ||| Stepping randomly (stuck).
  2204 | D:4      | 2204 ||| Stepping randomly (stuck).
  2205 | D:4      | 2205 ||| Stepping randomly (stuck).
  2206 | D:4      | 2206 ||| Stepping randomly (stuck).
  2207 | D:4      | 2207 ||| Stepping randomly (stuck).
  2208 | D:4      | 2208 ||| Stepping randomly (stuck).
  2209 | D:4      | 2209 ||| Stepping randomly (stuck).
  2210 | D:4      | 2210 ||| Stepping randomly (stuck).
  2211 | D:4      | 2211 ||| Stepping randomly (stuck).
  2212 | D:4      | 2212 ||| Stepping randomly (stuck).
  2213 | D:4      | 2213 ||| Stepping randomly (stuck).
  2214 | D:4      | 2214 ||| Stepping randomly (stuck).
  2215 | D:4      | 2215 ||| Stepping randomly (stuck).
  2216 | D:4      | 2216 ||| Stepping randomly (stuck).
  2217 | D:4      | 2217 ||| Stepping randomly (stuck).
  2218 | D:4      | 2218 ||| Stepping randomly (stuck).
  2219 | D:4      | 2219 ||| Stepping randomly (stuck).
  2220 | D:4      | 2220 ||| Stepping randomly (stuck).
  2221 | D:4      | 2221 ||| Stepping randomly (stuck).
  2222 | D:4      | 2222 ||| Stepping randomly (stuck).
  2223 | D:4      | 2223 ||| Stepping randomly (stuck).
  2224 | D:4      | 2224 ||| Stepping randomly (stuck).
  2225 | D:4      | 2225 ||| Stepping randomly (stuck).
  2226 | D:4      | 2226 ||| Stepping randomly (stuck).
  2227 | D:4      | 2227 ||| Stepping randomly (stuck).
  2228 | D:4      | 2228 ||| Stepping randomly (stuck).
  2229 | D:4      | 2229 ||| Stepping randomly (stuck).
  2230 | D:4      | 2230 ||| Stepping randomly (stuck).
  2231 | D:4      | 2231 ||| Stepping randomly (stuck).
  2232 | D:4      | 2232 ||| Stepping randomly (stuck).
  2233 | D:4      | 2233 ||| Stepping randomly (stuck).
  2234 | D:4      | 2234 ||| Stepping randomly (stuck).
  2235 | D:4      | 2235 ||| Stepping randomly (stuck).
  2236 | D:4      | 2236 ||| Stepping randomly (stuck).
  2237 | D:4      | 2237 ||| Stepping randomly (stuck).
  2238 | D:4      | 2238 ||| Stepping randomly (stuck).
  2239 | D:4      | 2239 ||| Stepping randomly (stuck).
  2240 | D:4      | 2240 ||| Stepping randomly (stuck).
  2241 | D:4      | 2241 ||| Stepping randomly (stuck).
  2242 | D:4      | 2242 ||| Stepping randomly (stuck).
  2243 | D:4      | 2243 ||| Stepping randomly (stuck).
  2244 | D:4      | 2244 ||| Stepping randomly (stuck).
  2245 | D:4      | 2245 ||| Stepping randomly (stuck).
  2246 | D:4      | 2246 ||| Stepping randomly (stuck).
  2247 | D:4      | 2247 ||| Stepping randomly (stuck).
  2248 | D:4      | 2248 ||| Stepping randomly (stuck).
  2249 | D:4      | 2249 ||| Stepping randomly (stuck).
  2250 | D:4      | 2250 ||| Stepping randomly (stuck).
  2251 | D:4      | 2251 ||| Stepping randomly (stuck).
  2252 | D:4      | 2252 ||| Stepping randomly (stuck).
  2253 | D:4      | 2253 ||| Stepping randomly (stuck).
  2254 | D:4      | 2254 ||| Stepping randomly (stuck).
  2255 | D:4      | 2255 ||| Stepping randomly (stuck).
  2256 | D:4      | 2256 ||| Stepping randomly (stuck).
  2257 | D:4      | 2257 ||| Stepping randomly (stuck).
  2258 | D:4      | 2258 ||| Stepping randomly (stuck).
  2259 | D:4      | 2259 ||| Stepping randomly (stuck).
  2260 | D:4      | 2260 ||| Stepping randomly (stuck).
  2261 | D:4      | 2261 ||| Stepping randomly (stuck).
  2262 | D:4      | 2262 ||| Stepping randomly (stuck).
  2263 | D:4      | 2263 ||| Stepping randomly (stuck).
  2264 | D:4      | 2264 ||| Stepping randomly (stuck).
  2265 | D:4      | 2265 ||| Stepping randomly (stuck).
  2266 | D:4      | 2266 ||| Stepping randomly (stuck).
  2267 | D:4      | 2267 ||| Stepping randomly (stuck).
  2268 | D:4      | 2268 ||| Stepping randomly (stuck).
  2269 | D:4      | 2269 ||| Stepping randomly (stuck).
  2270 | D:4      | 2270 ||| Stepping randomly (stuck).
  2271 | D:4      | 2271 ||| Stepping randomly (stuck).
  2272 | D:4      | 2272 ||| Stepping randomly (stuck).
  2273 | D:4      | 2273 ||| Stepping randomly (stuck).
  2274 | D:4      | 2274 ||| Stepping randomly (stuck).
  2275 | D:4      | 2275 ||| Stepping randomly (stuck).
  2276 | D:4      | 2276 ||| Stepping randomly (stuck).
  2277 | D:4      | 2277 ||| Stepping randomly (stuck).
  2278 | D:4      | 2278 ||| Stepping randomly (stuck).
  2279 | D:4      | 2279 ||| Stepping randomly (stuck).
  2280 | D:4      | 2280 ||| Stepping randomly (stuck).
  2281 | D:4      | 2281 ||| Stepping randomly (stuck).
  2282 | D:4      | 2282 ||| Stepping randomly (stuck).
  2283 | D:4      | 2283 ||| Stepping randomly (stuck).
  2284 | D:4      | 2284 ||| Stepping randomly (stuck).
  2285 | D:4      | 2285 ||| Stepping randomly (stuck).
  2286 | D:4      | 2286 ||| Stepping randomly (stuck).
  2287 | D:4      | 2287 ||| Stepping randomly (stuck).
  2288 | D:4      | 2288 ||| Stepping randomly (stuck).
  2289 | D:4      | 2289 ||| Stepping randomly (stuck).
  2290 | D:4      | 2290 ||| Stepping randomly (stuck).
  2291 | D:4      | 2291 ||| Stepping randomly (stuck).
  2292 | D:4      | 2292 ||| Stepping randomly (stuck).
  2293 | D:4      | 2293 ||| Stepping randomly (stuck).
  2294 | D:4      | 2294 ||| Stepping randomly (stuck).
  2295 | D:4      | 2295 ||| Stepping randomly (stuck).
  2296 | D:4      | 2296 ||| Stepping randomly (stuck).
  2297 | D:4      | 2297 ||| Stepping randomly (stuck).
  2298 | D:4      | 2298 ||| Stepping randomly (stuck).
  2299 | D:4      | 2299 ||| Stepping randomly (stuck).
  2300 | D:4      | 2300 ||| Stepping randomly (stuck).
  2301 | D:4      | 2301 ||| Stepping randomly (stuck).
  2302 | D:4      | 2302 ||| Stepping randomly (stuck).
  2303 | D:4      | 2303 ||| Stepping randomly (stuck).
  2304 | D:4      | 2304 ||| Stepping randomly (stuck).
  2305 | D:4      | 2305 ||| Stepping randomly (stuck).
  2306 | D:4      | 2306 ||| Stepping randomly (stuck).
  2307 | D:4      | 2307 ||| Stepping randomly (stuck).
  2308 | D:4      | 2308 ||| Stepping randomly (stuck).
  2309 | D:4      | 2309 ||| Stepping randomly (stuck).
  2310 | D:4      | 2310 ||| Stepping randomly (stuck).
  2311 | D:4      | 2311 ||| Stepping randomly (stuck).
  2312 | D:4      | 2312 ||| Stepping randomly (stuck).
  2313 | D:4      | 2313 ||| Stepping randomly (stuck).
  2314 | D:4      | 2314 ||| Stepping randomly (stuck).
  2315 | D:4      | 2315 ||| Stepping randomly (stuck).
  2316 | D:4      | 2316 ||| Stepping randomly (stuck).
  2317 | D:4      | 2317 ||| Stepping randomly (stuck).
  2318 | D:4      | 2318 ||| Stepping randomly (stuck).
  2319 | D:4      | 2319 ||| Stepping randomly (stuck).
  2320 | D:4      | 2320 ||| Stepping randomly (stuck).
  2321 | D:4      | 2321 ||| Stepping randomly (stuck).
  2322 | D:4      | 2322 ||| Stepping randomly (stuck).
  2323 | D:4      | 2323 ||| Stepping randomly (stuck).
  2324 | D:4      | 2324 ||| Stepping randomly (stuck).
  2325 | D:4      | 2325 ||| Stepping randomly (stuck).
  2326 | D:4      | 2326 ||| Stepping randomly (stuck).
  2327 | D:4      | 2327 ||| Stepping randomly (stuck).
  2328 | D:4      | 2328 ||| Stepping randomly (stuck).
  2329 | D:4      | 2329 ||| Stepping randomly (stuck).
  2330 | D:4      | 2330 ||| Stepping randomly (stuck).
  2331 | D:4      | 2331 ||| Stepping randomly (stuck).
  2332 | D:4      | 2332 ||| Stepping randomly (stuck).
  2333 | D:4      | 2333 ||| Stepping randomly (stuck).
  2334 | D:4      | 2334 ||| Stepping randomly (stuck).
  2335 | D:4      | 2335 ||| Stepping randomly (stuck).
  2336 | D:4      | 2336 ||| Stepping randomly (stuck).
  2337 | D:4      | 2337 ||| Stepping randomly (stuck).
  2338 | D:4      | 2338 ||| Stepping randomly (stuck).
  2339 | D:4      | 2339 ||| Stepping randomly (stuck).
  2340 | D:4      | 2340 ||| Stepping randomly (stuck).
  2341 | D:4      | 2341 ||| Stepping randomly (stuck).
  2342 | D:4      | 2342 ||| Stepping randomly (stuck).
  2343 | D:4      | 2343 ||| Stepping randomly (stuck).
  2344 | D:4      | 2344 ||| Stepping randomly (stuck).
  2345 | D:4      | 2345 ||| Stepping randomly (stuck).
  2346 | D:4      | 2346 ||| Stepping randomly (stuck).
  2347 | D:4      | 2347 ||| Stepping randomly (stuck).
  2348 | D:4      | 2348 ||| Stepping randomly (stuck).
  2349 | D:4      | 2349 ||| Stepping randomly (stuck).
  2350 | D:4      | 2350 ||| Stepping randomly (stuck).
  2351 | D:4      | 2351 ||| Stepping randomly (stuck).
  2352 | D:4      | 2352 ||| Stepping randomly (stuck).
  2353 | D:4      | 2353 ||| Stepping randomly (stuck).
  2354 | D:4      | 2354 ||| Stepping randomly (stuck).
  2355 | D:4      | 2355 ||| Stepping randomly (stuck).
  2356 | D:4      | 2356 ||| Stepping randomly (stuck).
  2357 | D:4      | 2357 ||| Stepping randomly (stuck).
  2358 | D:4      | 2358 ||| Stepping randomly (stuck).
  2359 | D:4      | 2359 ||| Stepping randomly (stuck).
  2360 | D:4      | 2360 ||| Stepping randomly (stuck).
  2361 | D:4      | 2361 ||| Stepping randomly (stuck).
  2362 | D:4      | 2362 ||| Stepping randomly (stuck).
  2363 | D:4      | 2363 ||| Stepping randomly (stuck).
  2364 | D:4      | 2364 ||| Stepping randomly (stuck).
  2365 | D:4      | 2365 ||| Stepping randomly (stuck).
  2366 | D:4      | 2366 ||| Stepping randomly (stuck).
  2367 | D:4      | 2367 ||| Stepping randomly (stuck).
  2368 | D:4      | 2368 ||| Stepping randomly (stuck).
  2369 | D:4      | 2369 ||| Stepping randomly (stuck).
  2370 | D:4      | 2370 ||| Stepping randomly (stuck).
  2371 | D:4      | 2371 ||| Stepping randomly (stuck).
  2372 | D:4      | 2372 ||| Stepping randomly (stuck).
  2373 | D:4      | 2373 ||| Stepping randomly (stuck).
  2374 | D:4      | 2374 ||| Stepping randomly (stuck).
  2375 | D:4      | 2375 ||| Stepping randomly (stuck).
  2376 | D:4      | 2376 ||| Stepping randomly (stuck).
  2377 | D:4      | 2377 ||| Stepping randomly (stuck).
  2378 | D:4      | 2378 ||| Stepping randomly (stuck).
  2379 | D:4      | 2379 ||| Stepping randomly (stuck).
  2380 | D:4      | 2380 ||| Stepping randomly (stuck).
  2381 | D:4      | 2381 ||| Stepping randomly (stuck).
  2382 | D:4      | 2382 ||| Stepping randomly (stuck).
  2383 | D:4      | 2383 ||| Stepping randomly (stuck).
  2384 | D:4      | 2384 ||| Stepping randomly (stuck).
  2385 | D:4      | 2385 ||| Stepping randomly (stuck).
  2386 | D:4      | 2386 ||| Stepping randomly (stuck).
  2387 | D:4      | 2387 ||| Stepping randomly (stuck).
  2388 | D:4      | 2388 ||| Stepping randomly (stuck).
  2390 | D:4      | 2390 ||| Stepping randomly (stuck).
  2391 | D:4      | 2391 ||| Stepping randomly (stuck).
  2392 | D:4      | 2392 ||| Stepping randomly (stuck).
  2393 | D:4      | 2393 ||| Stepping randomly (stuck).
  2394 | D:4      | 2394 ||| Stepping randomly (stuck).
  2395 | D:4      | 2395 ||| Stepping randomly (stuck).
  2396 | D:4      | 2396 ||| Stepping randomly (stuck).
  2397 | D:4      | 2397 ||| Stepping randomly (stuck).
  2398 | D:4      | 2398 ||| Stepping randomly (stuck).
  2399 | D:4      | 2399 ||| Stepping randomly (stuck).
  2400 | D:4      | 2400 ||| Stepping randomly (stuck).
  2401 | D:4      | 2401 ||| Stepping randomly (stuck).
  2402 | D:4      | 2402 ||| Stepping randomly (stuck).
  2403 | D:4      | 2403 ||| Stepping randomly (stuck).
  2404 | D:4      | 2404 ||| Stepping randomly (stuck).
  2405 | D:4      | 2405 ||| Stepping randomly (stuck).
  2406 | D:4      | 2406 ||| Stepping randomly (stuck).
  2407 | D:4      | 2407 ||| Stepping randomly (stuck).
  2408 | D:4      | 2408 ||| Stepping randomly (stuck).
  2409 | D:4      | 2409 ||| Stepping randomly (stuck).
  2410 | D:4      | 2410 ||| Stepping randomly (stuck).
  2411 | D:4      | 2411 ||| Stepping randomly (stuck).
  2412 | D:4      | 2412 ||| Stepping randomly (stuck).
  2413 | D:4      | 2413 ||| Stepping randomly (stuck).
  2414 | D:4      | 2414 ||| Stepping randomly (stuck).
  2415 | D:4      | 2415 ||| Stepping randomly (stuck).
  2416 | D:4      | 2416 ||| Stepping randomly (stuck).
  2417 | D:4      | 2417 ||| Stepping randomly (stuck).
  2418 | D:4      | 2418 ||| Stepping randomly (stuck).
  2419 | D:4      | 2419 ||| Stepping randomly (stuck).
  2420 | D:4      | 2420 ||| Stepping randomly (stuck).
  2421 | D:4      | 2421 ||| Stepping randomly (stuck).
  2422 | D:4      | 2422 ||| Stepping randomly (stuck).
  2423 | D:4      | 2423 ||| Stepping randomly (stuck).
  2424 | D:4      | 2424 ||| Stepping randomly (stuck).
  2425 | D:4      | 2425 ||| Stepping randomly (stuck).
  2426 | D:4      | 2426 ||| Stepping randomly (stuck).
  2427 | D:4      | 2427 ||| Stepping randomly (stuck).
  2428 | D:4      | 2428 ||| Stepping randomly (stuck).
  2429 | D:4      | 2429 ||| Stepping randomly (stuck).
  2430 | D:4      | 2430 ||| Stepping randomly (stuck).
  2431 | D:4      | 2431 ||| Stepping randomly (stuck).
  2432 | D:4      | 2432 ||| Stepping randomly (stuck).
  2433 | D:4      | 2433 ||| Stepping randomly (stuck).
  2434 | D:4      | 2434 ||| Stepping randomly (stuck).
  2435 | D:4      | 2435 ||| Stepping randomly (stuck).
  2436 | D:4      | 2436 ||| Stepping randomly (stuck).
  2437 | D:4      | 2437 ||| Stepping randomly (stuck).
  2438 | D:4      | 2438 ||| Stepping randomly (stuck).
  2439 | D:4      | 2439 ||| Stepping randomly (stuck).
  2440 | D:4      | 2440 ||| Stepping randomly (stuck).
  2441 | D:4      | 2441 ||| Stepping randomly (stuck).
  2442 | D:4      | 2442 ||| Stepping randomly (stuck).
  2443 | D:4      | 2443 ||| Stepping randomly (stuck).
  2444 | D:4      | 2444 ||| Stepping randomly (stuck).
  2445 | D:4      | 2445 ||| Stepping randomly (stuck).
  2446 | D:4      | 2446 ||| Stepping randomly (stuck).
  2447 | D:4      | 2447 ||| Stepping randomly (stuck).
  2448 | D:4      | 2448 ||| Stepping randomly (stuck).
  2449 | D:4      | 2449 ||| Stepping randomly (stuck).
  2450 | D:4      | 2450 ||| Stepping randomly (stuck).
  2451 | D:4      | 2451 ||| Stepping randomly (stuck).
  2452 | D:4      | 2452 ||| Stepping randomly (stuck).
  2453 | D:4      | 2453 ||| Stepping randomly (stuck).
  2454 | D:4      | 2454 ||| Stepping randomly (stuck).
  2455 | D:4      | 2455 ||| Stepping randomly (stuck).
  2456 | D:4      | 2456 ||| Stepping randomly (stuck).
  2457 | D:4      | 2457 ||| Stepping randomly (stuck).
  2458 | D:4      | 2458 ||| Stepping randomly (stuck).
  2459 | D:4      | 2459 ||| Stepping randomly (stuck).
  2460 | D:4      | 2460 ||| Stepping randomly (stuck).
  2461 | D:4      | 2461 ||| Stepping randomly (stuck).
  2462 | D:4      | 2462 ||| Stepping randomly (stuck).
  2463 | D:4      | 2463 ||| Stepping randomly (stuck).
  2464 | D:4      | 2464 ||| Stepping randomly (stuck).
  2465 | D:4      | 2465 ||| Stepping randomly (stuck).
  2466 | D:4      | 2466 ||| Stepping randomly (stuck).
  2467 | D:4      | 2467 ||| Stepping randomly (stuck).
  2468 | D:4      | 2468 ||| Stepping randomly (stuck).
  2469 | D:4      | 2469 ||| Stepping randomly (stuck).
  2470 | D:4      | 2470 ||| Stepping randomly (stuck).
  2471 | D:4      | 2471 ||| Stepping randomly (stuck).
  2472 | D:4      | 2472 ||| Stepping randomly (stuck).
  2473 | D:4      | 2473 ||| Stepping randomly (stuck).
  2474 | D:4      | 2474 ||| Stepping randomly (stuck).
  2475 | D:4      | 2475 ||| Stepping randomly (stuck).
  2476 | D:4      | 2476 ||| Stepping randomly (stuck).
  2477 | D:4      | 2477 ||| Stepping randomly (stuck).
  2478 | D:4      | 2478 ||| Stepping randomly (stuck).
  2479 | D:4      | 2479 ||| Stepping randomly (stuck).
  2480 | D:4      | 2480 ||| Stepping randomly (stuck).
  2481 | D:4      | 2481 ||| Stepping randomly (stuck).
  2482 | D:4      | 2482 ||| Stepping randomly (stuck).
  2483 | D:4      | 2483 ||| Stepping randomly (stuck).
  2484 | D:4      | 2484 ||| Stepping randomly (stuck).
  2485 | D:4      | 2485 ||| Stepping randomly (stuck).
  2486 | D:4      | 2486 ||| Stepping randomly (stuck).
  2487 | D:4      | 2487 ||| Stepping randomly (stuck).
  2488 | D:4      | 2488 ||| Stepping randomly (stuck).
  2489 | D:4      | 2489 ||| Stepping randomly (stuck).
  2490 | D:4      | 2490 ||| Stepping randomly (stuck).
  2491 | D:4      | 2491 ||| Stepping randomly (stuck).
  2492 | D:4      | 2492 ||| Stepping randomly (stuck).
  2493 | D:4      | 2493 ||| Stepping randomly (stuck).
  2494 | D:4      | 2494 ||| Stepping randomly (stuck).
  2495 | D:4      | 2495 ||| Stepping randomly (stuck).
  2496 | D:4      | 2496 ||| Stepping randomly (stuck).
  2497 | D:4      | 2497 ||| Stepping randomly (stuck).
  2498 | D:4      | 2498 ||| Stepping randomly (stuck).
  2499 | D:4      | 2499 ||| Stepping randomly (stuck).
  2500 | D:4      | 2500 ||| Stepping randomly (stuck).
  2501 | D:4      | 2501 ||| Stepping randomly (stuck).
  2502 | D:4      | 2502 ||| Stepping randomly (stuck).
  2503 | D:4      | 2503 ||| Stepping randomly (stuck).
  2504 | D:4      | 2504 ||| Stepping randomly (stuck).
  2505 | D:4      | 2505 ||| Stepping randomly (stuck).
  2506 | D:4      | 2506 ||| Stepping randomly (stuck).
  2507 | D:4      | 2507 ||| Stepping randomly (stuck).
  2508 | D:4      | 2508 ||| Stepping randomly (stuck).
  2509 | D:4      | 2509 ||| Stepping randomly (stuck).
  2510 | D:4      | 2510 ||| Stepping randomly (stuck).
  2511 | D:4      | 2511 ||| Stepping randomly (stuck).
  2512 | D:4      | 2512 ||| Stepping randomly (stuck).
  2513 | D:4      | 2513 ||| Stepping randomly (stuck).
  2514 | D:4      | 2514 ||| Stepping randomly (stuck).
  2515 | D:4      | 2515 ||| Stepping randomly (stuck).
  2516 | D:4      | 2516 ||| Stepping randomly (stuck).
  2517 | D:4      | 2517 ||| Stepping randomly (stuck).
  2518 | D:4      | 2518 ||| Stepping randomly (stuck).
  2519 | D:4      | 2519 ||| Stepping randomly (stuck).
  2520 | D:4      | 2520 ||| Stepping randomly (stuck).
  2521 | D:4      | 2521 ||| Stepping randomly (stuck).
  2522 | D:4      | 2522 ||| Stepping randomly (stuck).
  2523 | D:4      | 2523 ||| Stepping randomly (stuck).
  2524 | D:4      | 2524 ||| Stepping randomly (stuck).
  2525 | D:4      | 2525 ||| Stepping randomly (stuck).
  2526 | D:4      | 2526 ||| Stepping randomly (stuck).
  2527 | D:4      | 2527 ||| Stepping randomly (stuck).
  2528 | D:4      | 2528 ||| Stepping randomly (stuck).
  2529 | D:4      | 2529 ||| Stepping randomly (stuck).
  2530 | D:4      | 2530 ||| Stepping randomly (stuck).
  2531 | D:4      | 2531 ||| Stepping randomly (stuck).
  2532 | D:4      | 2532 ||| Stepping randomly (stuck).
  2533 | D:4      | 2533 ||| Stepping randomly (stuck).
  2534 | D:4      | 2534 ||| Stepping randomly (stuck).
  2535 | D:4      | 2535 ||| Stepping randomly (stuck).
  2536 | D:4      | 2536 ||| Stepping randomly (stuck).
  2537 | D:4      | 2537 ||| Stepping randomly (stuck).
  2538 | D:4      | 2538 ||| Stepping randomly (stuck).
  2539 | D:4      | 2539 ||| Stepping randomly (stuck).
  2540 | D:4      | 2540 ||| Stepping randomly (stuck).
  2541 | D:4      | 2541 ||| Stepping randomly (stuck).
  2542 | D:4      | 2542 ||| Stepping randomly (stuck).
  2543 | D:4      | 2543 ||| Stepping randomly (stuck).
  2544 | D:4      | 2544 ||| Stepping randomly (stuck).
  2545 | D:4      | 2545 ||| Stepping randomly (stuck).
  2546 | D:4      | 2546 ||| Stepping randomly (stuck).
  2547 | D:4      | 2547 ||| Stepping randomly (stuck).
  2548 | D:4      | 2548 ||| Stepping randomly (stuck).
  2549 | D:4      | 2549 ||| Stepping randomly (stuck).
  2550 | D:4      | 2550 ||| Stepping randomly (stuck).
  2551 | D:4      | 2551 ||| Stepping randomly (stuck).
  2552 | D:4      | 2552 ||| Stepping randomly (stuck).
  2553 | D:4      | 2553 ||| Stepping randomly (stuck).
  2554 | D:4      | 2554 ||| Stepping randomly (stuck).
  2555 | D:4      | 2555 ||| Stepping randomly (stuck).
  2556 | D:4      | 2556 ||| Stepping randomly (stuck).
  2557 | D:4      | 2557 ||| Stepping randomly (stuck).
  2558 | D:4      | 2558 ||| Stepping randomly (stuck).
  2559 | D:4      | 2559 ||| Stepping randomly (stuck).
  2560 | D:4      | 2560 ||| Stepping randomly (stuck).
  2561 | D:4      | 2561 ||| Stepping randomly (stuck).
  2562 | D:4      | 2562 ||| Stepping randomly (stuck).
  2563 | D:4      | 2563 ||| Stepping randomly (stuck).
  2564 | D:4      | 2564 ||| Stepping randomly (stuck).
  2565 | D:4      | 2565 ||| Stepping randomly (stuck).
  2566 | D:4      | 2566 ||| Stepping randomly (stuck).
  2567 | D:4      | 2567 ||| Stepping randomly (stuck).
  2568 | D:4      | 2568 ||| Stepping randomly (stuck).
  2569 | D:4      | 2569 ||| Stepping randomly (stuck).
  2570 | D:4      | 2570 ||| Stepping randomly (stuck).
  2571 | D:4      | 2571 ||| Stepping randomly (stuck).
  2572 | D:4      | 2572 ||| Stepping randomly (stuck).
  2573 | D:4      | 2573 ||| Stepping randomly (stuck).
  2574 | D:4      | 2574 ||| Stepping randomly (stuck).
  2575 | D:4      | 2575 ||| Stepping randomly (stuck).
  2576 | D:4      | 2576 ||| Stepping randomly (stuck).
  2577 | D:4      | 2577 ||| Stepping randomly (stuck).
  2578 | D:4      | 2578 ||| Stepping randomly (stuck).
  2579 | D:4      | 2579 ||| Stepping randomly (stuck).
  2580 | D:4      | 2580 ||| Stepping randomly (stuck).
  2581 | D:4      | 2581 ||| Stepping randomly (stuck).
  2582 | D:4      | 2582 ||| Stepping randomly (stuck).
  2583 | D:4      | 2583 ||| Stepping randomly (stuck).
  2584 | D:4      | 2584 ||| Stepping randomly (stuck).
  2585 | D:4      | 2585 ||| Stepping randomly (stuck).
  2586 | D:4      | 2586 ||| Stepping randomly (stuck).
  2587 | D:4      | 2587 ||| Stepping randomly (stuck).
  2588 | D:4      | 2588 ||| Stepping randomly (stuck).
  2589 | D:4      | 2589 ||| Stepping randomly (stuck).
  2590 | D:4      | 2590 ||| Stepping randomly (stuck).
  2591 | D:4      | 2591 ||| Stepping randomly (stuck).
  2592 | D:4      | 2592 ||| Stepping randomly (stuck).
  2593 | D:4      | 2593 ||| Stepping randomly (stuck).
  2594 | D:4      | 2594 ||| Stepping randomly (stuck).
  2595 | D:4      | 2595 ||| Stepping randomly (stuck).
  2596 | D:4      | 2596 ||| Stepping randomly (stuck).
  2597 | D:4      | 2597 ||| Stepping randomly (stuck).
  2598 | D:4      | 2598 ||| Stepping randomly (stuck).
  2599 | D:4      | 2599 ||| Stepping randomly (stuck).
  2600 | D:4      | 2600 ||| Stepping randomly (stuck).
  2601 | D:4      | 2601 ||| Stepping randomly (stuck).
  2602 | D:4      | 2602 ||| Stepping randomly (stuck).
  2603 | D:4      | 2603 ||| Stepping randomly (stuck).
  2604 | D:4      | 2604 ||| Stepping randomly (stuck).
  2605 | D:4      | 2605 ||| Stepping randomly (stuck).
  2606 | D:4      | 2606 ||| Stepping randomly (stuck).
  2607 | D:4      | 2607 ||| Stepping randomly (stuck).
  2608 | D:4      | 2608 ||| Stepping randomly (stuck).
  2609 | D:4      | 2609 ||| Stepping randomly (stuck).
  2610 | D:4      | 2610 ||| Stepping randomly (stuck).
  2611 | D:4      | 2611 ||| Stepping randomly (stuck).
  2612 | D:4      | 2612 ||| Stepping randomly (stuck).
  2613 | D:4      | 2613 ||| Stepping randomly (stuck).
  2614 | D:4      | 2614 ||| Stepping randomly (stuck).
  2615 | D:4      | 2615 ||| Stepping randomly (stuck).
  2616 | D:4      | 2616 ||| Stepping randomly (stuck).
  2617 | D:4      | 2617 ||| Stepping randomly (stuck).
  2618 | D:4      | 2618 ||| Stepping randomly (stuck).
  2619 | D:4      | 2619 ||| Stepping randomly (stuck).
  2620 | D:4      | 2620 ||| Stepping randomly (stuck).
  2621 | D:4      | 2621 ||| Stepping randomly (stuck).
  2622 | D:4      | 2622 ||| Stepping randomly (stuck).
  2623 | D:4      | 2623 ||| Stepping randomly (stuck).
  2624 | D:4      | 2624 ||| Stepping randomly (stuck).
  2625 | D:4      | 2625 ||| Stepping randomly (stuck).
  2626 | D:4      | 2626 ||| Stepping randomly (stuck).
  2627 | D:4      | 2627 ||| Stepping randomly (stuck).
  2628 | D:4      | 2628 ||| Stepping randomly (stuck).
  2629 | D:4      | 2629 ||| Stepping randomly (stuck).
  2630 | D:4      | 2630 ||| Stepping randomly (stuck).
  2631 | D:4      | 2631 ||| Stepping randomly (stuck).
  2632 | D:4      | 2632 ||| Stepping randomly (stuck).
  2633 | D:4      | 2633 ||| Stepping randomly (stuck).
  2634 | D:4      | 2634 ||| Stepping randomly (stuck).
  2635 | D:4      | 2635 ||| Stepping randomly (stuck).
  2636 | D:4      | 2636 ||| Stepping randomly (stuck).
  2637 | D:4      | 2637 ||| Stepping randomly (stuck).
  2638 | D:4      | 2638 ||| Stepping randomly (stuck).
  2639 | D:4      | 2639 ||| Stepping randomly (stuck).
  2640 | D:4      | 2640 ||| Stepping randomly (stuck).
  2641 | D:4      | 2641 ||| Stepping randomly (stuck).
  2642 | D:4      | 2642 ||| Stepping randomly (stuck).
  2643 | D:4      | 2643 ||| Stepping randomly (stuck).
  2644 | D:4      | 2644 ||| Stepping randomly (stuck).
  2645 | D:4      | 2645 ||| Stepping randomly (stuck).
  2646 | D:4      | 2646 ||| Stepping randomly (stuck).
  2647 | D:4      | 2647 ||| Stepping randomly (stuck).
  2648 | D:4      | 2648 ||| Stepping randomly (stuck).
  2649 | D:4      | 2649 ||| Stepping randomly (stuck).
  2650 | D:4      | 2650 ||| Stepping randomly (stuck).
  2651 | D:4      | 2651 ||| Stepping randomly (stuck).
  2652 | D:4      | 2652 ||| Stepping randomly (stuck).
  2653 | D:4      | 2653 ||| Stepping randomly (stuck).
  2654 | D:4      | 2654 ||| Stepping randomly (stuck).
  2655 | D:4      | 2655 ||| Stepping randomly (stuck).
  2656 | D:4      | 2656 ||| Stepping randomly (stuck).
  2657 | D:4      | 2657 ||| Stepping randomly (stuck).
  2658 | D:4      | 2658 ||| Stepping randomly (stuck).
  2659 | D:4      | 2659 ||| Stepping randomly (stuck).
  2660 | D:4      | 2660 ||| Stepping randomly (stuck).
  2661 | D:4      | 2661 ||| Stepping randomly (stuck).
  2662 | D:4      | 2662 ||| Stepping randomly (stuck).
  2663 | D:4      | 2663 ||| Stepping randomly (stuck).
  2664 | D:4      | 2664 ||| Stepping randomly (stuck).
  2665 | D:4      | 2665 ||| Stepping randomly (stuck).
  2666 | D:4      | 2666 ||| Stepping randomly (stuck).
  2667 | D:4      | 2667 ||| Stepping randomly (stuck).
  2668 | D:4      | 2668 ||| Stepping randomly (stuck).
  2669 | D:4      | 2669 ||| Stepping randomly (stuck).
  2670 | D:4      | 2670 ||| Stepping randomly (stuck).
  2671 | D:4      | 2671 ||| Stepping randomly (stuck).
  2672 | D:4      | 2672 ||| Stepping randomly (stuck).
  2673 | D:4      | 2673 ||| Stepping randomly (stuck).
  2674 | D:4      | 2674 ||| Stepping randomly (stuck).
  2675 | D:4      | 2675 ||| Stepping randomly (stuck).
  2676 | D:4      | 2676 ||| Stepping randomly (stuck).
  2677 | D:4      | 2677 ||| Stepping randomly (stuck).
  2678 | D:4      | 2678 ||| Stepping randomly (stuck).
  2679 | D:4      | 2679 ||| Stepping randomly (stuck).
  2680 | D:4      | 2680 ||| Stepping randomly (stuck).
  2681 | D:4      | 2681 ||| Stepping randomly (stuck).
  2682 | D:4      | 2682 ||| Stepping randomly (stuck).
  2683 | D:4      | 2683 ||| Stepping randomly (stuck).
  2684 | D:4      | 2684 ||| Stepping randomly (stuck).
  2685 | D:4      | 2685 ||| Stepping randomly (stuck).
  2686 | D:4      | 2686 ||| Stepping randomly (stuck).
  2687 | D:4      | 2687 ||| Stepping randomly (stuck).
  2688 | D:4      | 2688 ||| Stepping randomly (stuck).
  2689 | D:4      | 2689 ||| Stepping randomly (stuck).
  2690 | D:4      | 2690 ||| Stepping randomly (stuck).
  2691 | D:4      | 2691 ||| Stepping randomly (stuck).
  2692 | D:4      | 2692 ||| Stepping randomly (stuck).
  2693 | D:4      | 2693 ||| Stepping randomly (stuck).
  2694 | D:4      | 2694 ||| Stepping randomly (stuck).
  2695 | D:4      | 2695 ||| Stepping randomly (stuck).
  2696 | D:4      | 2696 ||| Stepping randomly (stuck).
  2697 | D:4      | 2697 ||| Stepping randomly (stuck).
  2698 | D:4      | 2698 ||| Stepping randomly (stuck).
  2699 | D:4      | 2699 ||| Stepping randomly (stuck).
  2700 | D:4      | 2700 ||| Stepping randomly (stuck).
  2701 | D:4      | 2701 ||| Stepping randomly (stuck).
  2702 | D:4      | 2702 ||| Stepping randomly (stuck).
  2703 | D:4      | 2703 ||| Stepping randomly (stuck).
  2704 | D:4      | 2704 ||| Stepping randomly (stuck).
  2705 | D:4      | 2705 ||| Stepping randomly (stuck).
  2706 | D:4      | 2706 ||| Stepping randomly (stuck).
  2707 | D:4      | 2707 ||| Stepping randomly (stuck).
  2708 | D:4      | 2708 ||| Stepping randomly (stuck).
  2709 | D:4      | 2709 ||| Stepping randomly (stuck).
  2710 | D:4      | 2710 ||| Stepping randomly (stuck).
  2711 | D:4      | 2711 ||| Stepping randomly (stuck).
  2712 | D:4      | 2712 ||| Stepping randomly (stuck).
  2713 | D:4      | 2713 ||| Stepping randomly (stuck).
  2714 | D:4      | 2714 ||| Stepping randomly (stuck).
  2715 | D:4      | 2715 ||| Stepping randomly (stuck).
  2716 | D:4      | 2716 ||| Stepping randomly (stuck).
  2717 | D:4      | 2717 ||| Stepping randomly (stuck).
  2718 | D:4      | 2718 ||| Stepping randomly (stuck).
  2719 | D:4      | 2719 ||| Stepping randomly (stuck).
  2720 | D:4      | 2720 ||| Stepping randomly (stuck).
  2721 | D:4      | 2721 ||| Stepping randomly (stuck).
  2722 | D:4      | 2722 ||| Stepping randomly (stuck).
  2723 | D:4      | 2723 ||| Stepping randomly (stuck).
  2724 | D:4      | 2724 ||| Stepping randomly (stuck).
  2725 | D:4      | 2725 ||| Stepping randomly (stuck).
  2726 | D:4      | 2726 ||| Stepping randomly (stuck).
  2727 | D:4      | 2727 ||| Stepping randomly (stuck).
  2728 | D:4      | 2728 ||| Stepping randomly (stuck).
  2729 | D:4      | 2729 ||| Stepping randomly (stuck).
  2730 | D:4      | 2730 ||| Stepping randomly (stuck).
  2731 | D:4      | 2731 ||| Stepping randomly (stuck).
  2732 | D:4      | 2732 ||| Stepping randomly (stuck).
  2733 | D:4      | 2733 ||| Stepping randomly (stuck).
  2734 | D:4      | 2734 ||| Stepping randomly (stuck).
  2735 | D:4      | 2735 ||| Stepping randomly (stuck).
  2736 | D:4      | 2736 ||| Stepping randomly (stuck).
  2737 | D:4      | 2737 ||| Stepping randomly (stuck).
  2738 | D:4      | 2738 ||| Stepping randomly (stuck).
  2739 | D:4      | 2739 ||| Stepping randomly (stuck).
  2740 | D:4      | 2740 ||| Stepping randomly (stuck).
  2741 | D:4      | 2741 ||| Stepping randomly (stuck).
  2742 | D:4      | 2742 ||| Stepping randomly (stuck).
  2743 | D:4      | 2743 ||| Stepping randomly (stuck).
  2744 | D:4      | 2744 ||| Stepping randomly (stuck).
  2745 | D:4      | 2745 ||| Stepping randomly (stuck).
  2746 | D:4      | 2746 ||| Stepping randomly (stuck).
  2747 | D:4      | 2747 ||| Stepping randomly (stuck).
  2748 | D:4      | 2748 ||| Stepping randomly (stuck).
  2749 | D:4      | 2749 ||| Stepping randomly (stuck).
  2750 | D:4      | 2750 ||| Stepping randomly (stuck).
  2751 | D:4      | 2751 ||| Stepping randomly (stuck).
  2752 | D:4      | 2752 ||| Stepping randomly (stuck).
  2753 | D:4      | 2753 ||| Stepping randomly (stuck).
  2754 | D:4      | 2754 ||| Stepping randomly (stuck).
  2755 | D:4      | 2755 ||| Stepping randomly (stuck).
  2756 | D:4      | 2756 ||| Stepping randomly (stuck).
  2757 | D:4      | 2757 ||| Stepping randomly (stuck).
  2758 | D:4      | 2758 ||| Stepping randomly (stuck).
  2759 | D:4      | 2759 ||| Stepping randomly (stuck).
  2760 | D:4      | 2760 ||| Stepping randomly (stuck).
  2761 | D:4      | 2761 ||| Stepping randomly (stuck).
  2762 | D:4      | 2762 ||| Stepping randomly (stuck).
  2763 | D:4      | 2763 ||| Stepping randomly (stuck).
  2764 | D:4      | 2764 ||| Stepping randomly (stuck).
  2765 | D:4      | 2765 ||| Stepping randomly (stuck).
  2766 | D:4      | 2766 ||| Stepping randomly (stuck).
  2767 | D:4      | 2767 ||| Stepping randomly (stuck).
  2768 | D:4      | 2768 ||| Stepping randomly (stuck).
  2769 | D:4      | 2769 ||| Stepping randomly (stuck).
  2770 | D:4      | 2770 ||| Stepping randomly (stuck).
  2771 | D:4      | 2771 ||| Stepping randomly (stuck).
  2772 | D:4      | 2772 ||| Stepping randomly (stuck).
  2773 | D:4      | 2773 ||| Stepping randomly (stuck).
  2774 | D:4      | 2774 ||| Stepping randomly (stuck).
  2775 | D:4      | 2775 ||| Stepping randomly (stuck).
  2776 | D:4      | 2776 ||| Stepping randomly (stuck).
  2777 | D:4      | 2777 ||| Stepping randomly (stuck).
  2778 | D:4      | 2778 ||| Stepping randomly (stuck).
  2779 | D:4      | 2779 ||| Stepping randomly (stuck).
  2780 | D:4      | 2780 ||| Stepping randomly (stuck).
  2781 | D:4      | 2781 ||| Stepping randomly (stuck).
  2782 | D:4      | 2782 ||| Stepping randomly (stuck).
  2783 | D:4      | 2783 ||| Stepping randomly (stuck).
  2784 | D:4      | 2784 ||| Stepping randomly (stuck).
  2785 | D:4      | 2785 ||| Stepping randomly (stuck).
  2786 | D:4      | 2786 ||| Stepping randomly (stuck).
  2787 | D:4      | 2787 ||| Stepping randomly (stuck).
  2788 | D:4      | 2788 ||| Stepping randomly (stuck).
  2789 | D:4      | 2789 ||| Stepping randomly (stuck).
  2790 | D:4      | 2790 ||| Stepping randomly (stuck).
  2791 | D:4      | 2791 ||| Stepping randomly (stuck).
  2792 | D:4      | 2792 ||| Stepping randomly (stuck).
  2793 | D:4      | 2793 ||| Stepping randomly (stuck).
  2794 | D:4      | 2794 ||| Stepping randomly (stuck).
  2795 | D:4      | 2795 ||| Stepping randomly (stuck).
  2796 | D:4      | 2796 ||| Stepping randomly (stuck).
  2797 | D:4      | 2797 ||| Stepping randomly (stuck).
  2798 | D:4      | 2798 ||| Stepping randomly (stuck).
  2799 | D:4      | 2799 ||| Stepping randomly (stuck).
  2800 | D:4      | 2800 ||| Stepping randomly (stuck).
  2801 | D:4      | 2801 ||| Stepping randomly (stuck).
  2802 | D:4      | 2802 ||| Stepping randomly (stuck).
  2803 | D:4      | 2803 ||| Stepping randomly (stuck).
  2804 | D:4      | 2804 ||| Stepping randomly (stuck).
  2805 | D:4      | 2805 ||| Stepping randomly (stuck).
  2806 | D:4      | 2806 ||| Stepping randomly (stuck).
  2807 | D:4      | 2807 ||| Stepping randomly (stuck).
  2808 | D:4      | 2808 ||| Stepping randomly (stuck).
  2809 | D:4      | 2809 ||| Stepping randomly (stuck).
  2810 | D:4      | 2810 ||| Stepping randomly (stuck).
  2811 | D:4      | 2811 ||| Stepping randomly (stuck).
  2812 | D:4      | 2812 ||| Stepping randomly (stuck).
  2813 | D:4      | 2813 ||| Stepping randomly (stuck).
  2814 | D:4      | 2814 ||| Stepping randomly (stuck).
  2815 | D:4      | 2815 ||| Stepping randomly (stuck).
  2816 | D:4      | 2816 ||| Stepping randomly (stuck).
  2817 | D:4      | 2817 ||| Stepping randomly (stuck).
  2818 | D:4      | 2818 ||| Stepping randomly (stuck).
  2819 | D:4      | 2819 ||| Stepping randomly (stuck).
  2820 | D:4      | 2820 ||| Stepping randomly (stuck).
  2821 | D:4      | 2821 ||| Stepping randomly (stuck).
  2822 | D:4      | 2822 ||| Stepping randomly (stuck).
  2823 | D:4      | 2823 ||| Stepping randomly (stuck).
  2824 | D:4      | 2824 ||| Stepping randomly (stuck).
  2825 | D:4      | 2825 ||| Stepping randomly (stuck).
  2826 | D:4      | 2826 ||| Stepping randomly (stuck).
  2827 | D:4      | 2827 ||| Stepping randomly (stuck).
  2828 | D:4      | 2828 ||| Stepping randomly (stuck).
  2829 | D:4      | 2829 ||| Stepping randomly (stuck).
  2830 | D:4      | 2830 ||| Stepping randomly (stuck).
  2831 | D:4      | 2831 ||| Stepping randomly (stuck).
  2832 | D:4      | 2832 ||| Stepping randomly (stuck).
  2833 | D:4      | 2833 ||| Stepping randomly (stuck).
  2834 | D:4      | 2834 ||| Stepping randomly (stuck).
  2835 | D:4      | 2835 ||| Stepping randomly (stuck).
  2836 | D:4      | 2836 ||| Stepping randomly (stuck).
  2837 | D:4      | 2837 ||| Stepping randomly (stuck).
  2838 | D:4      | 2838 ||| Stepping randomly (stuck).
  2839 | D:4      | 2839 ||| Stepping randomly (stuck).
  2840 | D:4      | 2840 ||| Stepping randomly (stuck).
  2841 | D:4      | 2841 ||| Stepping randomly (stuck).
  2842 | D:4      | 2842 ||| Stepping randomly (stuck).
  2843 | D:4      | 2843 ||| Stepping randomly (stuck).
  2844 | D:4      | 2844 ||| Stepping randomly (stuck).
  2845 | D:4      | 2845 ||| Stepping randomly (stuck).
  2846 | D:4      | 2846 ||| Stepping randomly (stuck).
  2847 | D:4      | 2847 ||| Stepping randomly (stuck).
  2848 | D:4      | 2848 ||| Stepping randomly (stuck).
  2849 | D:4      | 2849 ||| Stepping randomly (stuck).
  2850 | D:4      | 2850 ||| Stepping randomly (stuck).
  2851 | D:4      | 2851 ||| Stepping randomly (stuck).
  2852 | D:4      | 2852 ||| Stepping randomly (stuck).
  2853 | D:4      | 2853 ||| Stepping randomly (stuck).
  2854 | D:4      | 2854 ||| Stepping randomly (stuck).
  2855 | D:4      | 2855 ||| Stepping randomly (stuck).
  2856 | D:4      | 2856 ||| Stepping randomly (stuck).
  2857 | D:4      | 2857 ||| Stepping randomly (stuck).
  2858 | D:4      | 2858 ||| Stepping randomly (stuck).
  2859 | D:4      | 2859 ||| Stepping randomly (stuck).
  2860 | D:4      | 2860 ||| Stepping randomly (stuck).
  2861 | D:4      | 2861 ||| Stepping randomly (stuck).
  2862 | D:4      | 2862 ||| Stepping randomly (stuck).
  2863 | D:4      | 2863 ||| Stepping randomly (stuck).
  2864 | D:4      | 2864 ||| Stepping randomly (stuck).
  2865 | D:4      | 2865 ||| Stepping randomly (stuck).
  2866 | D:4      | 2866 ||| Stepping randomly (stuck).
  2867 | D:4      | 2867 ||| Stepping randomly (stuck).
  2868 | D:4      | 2868 ||| Stepping randomly (stuck).
  2869 | D:4      | 2869 ||| Stepping randomly (stuck).
  2870 | D:4      | 2870 ||| Stepping randomly (stuck).
  2871 | D:4      | 2871 ||| Stepping randomly (stuck).
  2872 | D:4      | 2872 ||| Stepping randomly (stuck).
  2873 | D:4      | 2873 ||| Stepping randomly (stuck).
  2874 | D:4      | 2874 ||| Stepping randomly (stuck).
  2875 | D:4      | 2875 ||| Stepping randomly (stuck).
  2876 | D:4      | 2876 ||| Stepping randomly (stuck).
  2877 | D:4      | 2877 ||| Stepping randomly (stuck).
  2878 | D:4      | 2878 ||| Stepping randomly (stuck).
  2879 | D:4      | 2879 ||| Stepping randomly (stuck).
  2880 | D:4      | 2880 ||| Stepping randomly (stuck).
  2881 | D:4      | 2881 ||| Stepping randomly (stuck).
  2882 | D:4      | 2882 ||| Stepping randomly (stuck).
  2883 | D:4      | 2883 ||| Stepping randomly (stuck).
  2884 | D:4      | 2884 ||| Stepping randomly (stuck).
  2885 | D:4      | 2885 ||| Stepping randomly (stuck).
  2886 | D:4      | 2886 ||| Stepping randomly (stuck).
  2887 | D:4      | 2887 ||| Stepping randomly (stuck).
  2888 | D:4      | 2888 ||| Stepping randomly (stuck).
  2889 | D:4      | 2889 ||| Stepping randomly (stuck).
  2890 | D:4      | 2890 ||| Stepping randomly (stuck).
  2891 | D:4      | 2891 ||| Stepping randomly (stuck).
  2892 | D:4      | 2892 ||| Stepping randomly (stuck).
  2893 | D:4      | 2893 ||| Stepping randomly (stuck).
  2894 | D:4      | 2894 ||| Stepping randomly (stuck).
  2895 | D:4      | 2895 ||| Stepping randomly (stuck).
  2896 | D:4      | 2896 ||| Stepping randomly (stuck).
  2897 | D:4      | 2897 ||| Stepping randomly (stuck).
  2898 | D:4      | 2898 ||| Stepping randomly (stuck).
  2899 | D:4      | 2899 ||| Stepping randomly (stuck).
  2900 | D:4      | 2900 ||| Stepping randomly (stuck).
  2901 | D:4      | 2901 ||| Stepping randomly (stuck).
  2902 | D:4      | 2902 ||| Stepping randomly (stuck).
  2903 | D:4      | 2903 ||| Stepping randomly (stuck).
  2904 | D:4      | 2904 ||| Stepping randomly (stuck).
  2905 | D:4      | 2905 ||| Stepping randomly (stuck).
  2906 | D:4      | 2906 ||| Stepping randomly (stuck).
  2907 | D:4      | 2907 ||| Stepping randomly (stuck).
  2908 | D:4      | 2908 ||| Stepping randomly (stuck).
  2909 | D:4      | 2909 ||| Stepping randomly (stuck).
  2910 | D:4      | 2910 ||| Stepping randomly (stuck).
  2911 | D:4      | 2911 ||| Stepping randomly (stuck).
  2912 | D:4      | 2912 ||| Stepping randomly (stuck).
  2913 | D:4      | 2913 ||| Stepping randomly (stuck).
  2914 | D:4      | 2914 ||| Stepping randomly (stuck).
  2915 | D:4      | 2915 ||| Stepping randomly (stuck).
  2916 | D:4      | 2916 ||| Stepping randomly (stuck).
  2917 | D:4      | 2917 ||| Stepping randomly (stuck).
  2918 | D:4      | 2918 ||| Stepping randomly (stuck).
  2919 | D:4      | 2919 ||| Stepping randomly (stuck).
  2920 | D:4      | 2920 ||| Stepping randomly (stuck).
  2921 | D:4      | 2921 ||| Stepping randomly (stuck).
  2922 | D:4      | 2922 ||| Stepping randomly (stuck).
  2923 | D:4      | 2923 ||| Stepping randomly (stuck).
  2924 | D:4      | 2924 ||| Stepping randomly (stuck).
  2925 | D:4      | 2925 ||| Stepping randomly (stuck).
  2926 | D:4      | 2926 ||| Stepping randomly (stuck).
  2927 | D:4      | 2927 ||| Stepping randomly (stuck).
  2928 | D:4      | 2928 ||| Stepping randomly (stuck).
  2929 | D:4      | 2929 ||| Stepping randomly (stuck).
  2930 | D:4      | 2930 ||| Stepping randomly (stuck).
  2931 | D:4      | 2931 ||| Stepping randomly (stuck).
  2932 | D:4      | 2932 ||| Stepping randomly (stuck).
  2933 | D:4      | 2933 ||| Stepping randomly (stuck).
  2934 | D:4      | 2934 ||| Stepping randomly (stuck).
  2935 | D:4      | 2935 ||| Stepping randomly (stuck).
  2936 | D:4      | 2936 ||| Stepping randomly (stuck).
  2937 | D:4      | 2937 ||| Stepping randomly (stuck).
  2938 | D:4      | 2938 ||| Stepping randomly (stuck).
  2939 | D:4      | 2939 ||| Stepping randomly (stuck).
  2940 | D:4      | 2940 ||| Stepping randomly (stuck).
  2941 | D:4      | 2941 ||| Stepping randomly (stuck).
  2942 | D:4      | 2942 ||| Stepping randomly (stuck).
  2943 | D:4      | 2943 ||| Stepping randomly (stuck).
  2944 | D:4      | 2944 ||| Stepping randomly (stuck).
  2945 | D:4      | 2945 ||| Stepping randomly (stuck).
  2946 | D:4      | 2946 ||| Stepping randomly (stuck).
  2947 | D:4      | 2947 ||| Stepping randomly (stuck).
  2948 | D:4      | 2948 ||| Stepping randomly (stuck).
  2949 | D:4      | 2949 ||| Stepping randomly (stuck).
  2950 | D:4      | 2950 ||| Stepping randomly (stuck).
  2951 | D:4      | 2951 ||| Stepping randomly (stuck).
  2952 | D:4      | 2952 ||| Stepping randomly (stuck).
  2953 | D:4      | 2953 ||| Stepping randomly (stuck).
  2954 | D:4      | 2954 ||| Stepping randomly (stuck).
  2955 | D:4      | 2955 ||| Stepping randomly (stuck).
  2956 | D:4      | 2956 ||| Stepping randomly (stuck).
  2957 | D:4      | 2957 ||| Stepping randomly (stuck).
  2958 | D:4      | 2958 ||| Stepping randomly (stuck).
  2959 | D:4      | 2959 ||| Stepping randomly (stuck).
  2960 | D:4      | 2960 ||| Stepping randomly (stuck).
  2961 | D:4      | 2961 ||| Stepping randomly (stuck).
  2962 | D:4      | 2962 ||| Stepping randomly (stuck).
  2963 | D:4      | 2963 ||| Stepping randomly (stuck).
  2964 | D:4      | 2964 ||| Stepping randomly (stuck).
  2965 | D:4      | 2965 ||| Stepping randomly (stuck).
  2966 | D:4      | 2966 ||| Stepping randomly (stuck).
  2967 | D:4      | 2967 ||| Stepping randomly (stuck).
  2968 | D:4      | 2968 ||| Stepping randomly (stuck).
  2969 | D:4      | 2969 ||| Stepping randomly (stuck).
  2970 | D:4      | 2970 ||| Stepping randomly (stuck).
  2971 | D:4      | 2971 ||| Stepping randomly (stuck).
  2972 | D:4      | 2972 ||| Stepping randomly (stuck).
  2973 | D:4      | 2973 ||| Stepping randomly (stuck).
  2974 | D:4      | 2974 ||| Stepping randomly (stuck).
  2975 | D:4      | 2975 ||| Stepping randomly (stuck).
  2976 | D:4      | 2976 ||| Stepping randomly (stuck).
  2977 | D:4      | 2977 ||| Stepping randomly (stuck).
  2978 | D:4      | 2978 ||| Stepping randomly (stuck).
  2979 | D:4      | 2979 ||| Stepping randomly (stuck).
  2980 | D:4      | 2980 ||| Stepping randomly (stuck).
  2981 | D:4      | 2981 ||| Stepping randomly (stuck).
  2982 | D:4      | 2982 ||| Stepping randomly (stuck).
  2983 | D:4      | 2983 ||| Stepping randomly (stuck).
  2984 | D:4      | 2984 ||| Stepping randomly (stuck).
  2985 | D:4      | 2985 ||| Stepping randomly (stuck).
  2986 | D:4      | 2986 ||| Stepping randomly (stuck).
  2987 | D:4      | 2987 ||| Stepping randomly (stuck).
  2988 | D:4      | 2988 ||| Stepping randomly (stuck).
  2989 | D:4      | 2989 ||| Stepping randomly (stuck).
  2990 | D:4      | 2990 ||| Stepping randomly (stuck).
  2991 | D:4      | 2991 ||| Stepping randomly (stuck).
  2992 | D:4      | 2992 ||| Stepping randomly (stuck).
  2993 | D:4      | 2993 ||| Stepping randomly (stuck).
  2994 | D:4      | 2994 ||| Stepping randomly (stuck).
  2995 | D:4      | 2995 ||| Stepping randomly (stuck).
  2996 | D:4      | 2996 ||| Stepping randomly (stuck).
  2997 | D:4      | 2997 ||| Stepping randomly (stuck).
  2998 | D:4      | 2998 ||| Stepping randomly (stuck).
  2999 | D:4      | 2999 ||| Stepping randomly (stuck).
  3000 | D:4      | 3000 ||| Stepping randomly (stuck).
  3001 | D:4      | 3001 ||| Stepping randomly (stuck).
  3002 | D:4      | 3002 ||| Stepping randomly (stuck).
  3003 | D:4      | 3003 ||| Stepping randomly (stuck).
  3004 | D:4      | 3004 ||| Stepping randomly (stuck).
  3005 | D:4      | 3005 ||| Stepping randomly (stuck).
  3006 | D:4      | 3006 ||| Stepping randomly (stuck).
  3007 | D:4      | 3007 ||| Stepping randomly (stuck).
  3008 | D:4      | 3008 ||| Stepping randomly (stuck).
  3009 | D:4      | 3009 ||| Stepping randomly (stuck).
  3010 | D:4      | 3010 ||| Stepping randomly (stuck).
  3011 | D:4      | 3011 ||| Stepping randomly (stuck).
  3012 | D:4      | 3012 ||| Stepping randomly (stuck).
  3013 | D:4      | 3013 ||| Stepping randomly (stuck).
  3014 | D:4      | 3014 ||| Stepping randomly (stuck).
  3015 | D:4      | 3015 ||| Stepping randomly (stuck).
  3016 | D:4      | 3016 ||| Stepping randomly (stuck).
  3017 | D:4      | 3017 ||| Stepping randomly (stuck).
  3018 | D:4      | 3018 ||| Stepping randomly (stuck).
  3019 | D:4      | 3019 ||| Stepping randomly (stuck).
  3020 | D:4      | 3020 ||| Stepping randomly (stuck).
  3021 | D:4      | 3021 ||| Stepping randomly (stuck).
  3022 | D:4      | 3022 ||| Stepping randomly (stuck).
  3023 | D:4      | 3023 ||| Stepping randomly (stuck).
  3024 | D:4      | 3024 ||| Stepping randomly (stuck).
  3025 | D:4      | 3025 ||| Stepping randomly (stuck).
  3026 | D:4      | 3026 ||| Stepping randomly (stuck).
  3027 | D:4      | 3027 ||| Stepping randomly (stuck).
  3028 | D:4      | 3028 ||| Stepping randomly (stuck).
  3029 | D:4      | 3029 ||| Stepping randomly (stuck).
  3030 | D:4      | 3030 ||| Stepping randomly (stuck).
  3031 | D:4      | 3031 ||| Stepping randomly (stuck).
  3032 | D:4      | 3032 ||| Stepping randomly (stuck).
  3033 | D:4      | 3033 ||| Stepping randomly (stuck).
  3034 | D:4      | 3034 ||| Stepping randomly (stuck).
  3035 | D:4      | 3035 ||| Stepping randomly (stuck).
  3036 | D:4      | 3036 ||| Stepping randomly (stuck).
  3037 | D:4      | 3037 ||| Stepping randomly (stuck).
  3038 | D:4      | 3038 ||| Stepping randomly (stuck).
  3039 | D:4      | 3039 ||| Stepping randomly (stuck).
  3040 | D:4      | 3040 ||| Stepping randomly (stuck).
  3041 | D:4      | 3041 ||| Stepping randomly (stuck).
  3042 | D:4      | 3042 ||| Stepping randomly (stuck).
  3043 | D:4      | 3043 ||| Stepping randomly (stuck).
  3044 | D:4      | 3044 ||| Stepping randomly (stuck).
  3045 | D:4      | 3045 ||| Stepping randomly (stuck).
  3046 | D:4      | 3046 ||| Stepping randomly (stuck).
  3047 | D:4      | 3047 ||| Stepping randomly (stuck).
  3048 | D:4      | 3048 ||| Stepping randomly (stuck).
  3049 | D:4      | 3049 ||| Stepping randomly (stuck).
  3050 | D:4      | 3050 ||| Stepping randomly (stuck).
  3051 | D:4      | 3051 ||| Stepping randomly (stuck).
  3052 | D:4      | 3052 ||| Stepping randomly (stuck).
  3053 | D:4      | 3053 ||| Stepping randomly (stuck).
  3054 | D:4      | 3054 ||| Stepping randomly (stuck).
  3055 | D:4      | 3055 ||| Stepping randomly (stuck).
  3056 | D:4      | 3056 ||| Stepping randomly (stuck).
  3057 | D:4      | 3057 ||| Stepping randomly (stuck).
  3058 | D:4      | 3058 ||| Stepping randomly (stuck).
  3059 | D:4      | 3059 ||| Stepping randomly (stuck).
  3060 | D:4      | 3060 ||| Stepping randomly (stuck).
  3061 | D:4      | 3061 ||| Stepping randomly (stuck).
  3062 | D:4      | 3062 ||| Stepping randomly (stuck).
  3063 | D:4      | 3063 ||| Stepping randomly (stuck).
  3064 | D:4      | 3064 ||| Stepping randomly (stuck).
  3065 | D:4      | 3065 ||| Stepping randomly (stuck).
  3066 | D:4      | 3066 ||| Stepping randomly (stuck).
  3067 | D:4      | 3067 ||| Stepping randomly (stuck).
  3068 | D:4      | 3068 ||| Stepping randomly (stuck).
  3069 | D:4      | 3069 ||| Stepping randomly (stuck).
  3070 | D:4      | 3070 ||| Stepping randomly (stuck).
  3071 | D:4      | 3071 ||| Stepping randomly (stuck).
  3072 | D:4      | 3072 ||| Stepping randomly (stuck).
  3073 | D:4      | 3073 ||| Stepping randomly (stuck).
  3074 | D:4      | 3074 ||| Stepping randomly (stuck).
  3075 | D:4      | 3075 ||| Stepping randomly (stuck).
  3076 | D:4      | 3076 ||| Stepping randomly (stuck).
  3077 | D:4      | 3077 ||| Stepping randomly (stuck).
  3078 | D:4      | 3078 ||| Stepping randomly (stuck).
  3079 | D:4      | 3079 ||| Stepping randomly (stuck).
  3080 | D:4      | 3080 ||| Stepping randomly (stuck).
  3081 | D:4      | 3081 ||| Stepping randomly (stuck).
  3082 | D:4      | 3082 ||| Stepping randomly (stuck).
  3083 | D:4      | 3083 ||| Stepping randomly (stuck).
  3084 | D:4      | 3084 ||| Stepping randomly (stuck).
  3085 | D:4      | 3085 ||| Stepping randomly (stuck).
  3086 | D:4      | 3086 ||| Stepping randomly (stuck).
  3087 | D:4      | 3087 ||| Stepping randomly (stuck).
  3088 | D:4      | 3088 ||| Stepping randomly (stuck).
  3089 | D:4      | 3089 ||| Stepping randomly (stuck).
  3090 | D:4      | 3090 ||| Stepping randomly (stuck).
  3091 | D:4      | 3091 ||| Stepping randomly (stuck).
  3092 | D:4      | 3092 ||| Stepping randomly (stuck).
  3093 | D:4      | 3093 ||| Stepping randomly (stuck).
  3094 | D:4      | 3094 ||| Stepping randomly (stuck).
  3095 | D:4      | 3095 ||| Stepping randomly (stuck).
  3096 | D:4      | 3096 ||| Stepping randomly (stuck).
  3097 | D:4      | 3097 ||| Stepping randomly (stuck).
  3098 | D:4      | 3098 ||| Stepping randomly (stuck).
  3099 | D:4      | 3099 ||| Stepping randomly (stuck).
  3100 | D:4      | 3100 ||| Stepping randomly (stuck).
  3101 | D:4      | 3101 ||| Stepping randomly (stuck).
  3102 | D:4      | 3102 ||| Stepping randomly (stuck).
  3103 | D:4      | 3103 ||| Stepping randomly (stuck).
  3104 | D:4      | 3104 ||| Stepping randomly (stuck).
  3105 | D:4      | 3105 ||| Stepping randomly (stuck).
  3106 | D:4      | 3106 ||| Stepping randomly (stuck).
  3107 | D:4      | 3107 ||| Stepping randomly (stuck).
  3108 | D:4      | 3108 ||| Stepping randomly (stuck).
  3109 | D:4      | 3109 ||| Stepping randomly (stuck).
  3110 | D:4      | 3110 ||| Stepping randomly (stuck).
  3111 | D:4      | 3111 ||| Stepping randomly (stuck).
  3112 | D:4      | 3112 ||| Stepping randomly (stuck).
  3113 | D:4      | 3113 ||| Stepping randomly (stuck).
  3114 | D:4      | 3114 ||| Stepping randomly (stuck).
  3115 | D:4      | 3115 ||| Stepping randomly (stuck).
  3116 | D:4      | 3116 ||| Stepping randomly (stuck).
  3117 | D:4      | 3117 ||| Stepping randomly (stuck).
  3118 | D:4      | 3118 ||| Stepping randomly (stuck).
  3119 | D:4      | 3119 ||| Stepping randomly (stuck).
  3120 | D:4      | 3120 ||| Stepping randomly (stuck).
  3121 | D:4      | 3121 ||| Stepping randomly (stuck).
  3122 | D:4      | 3122 ||| Stepping randomly (stuck).
  3123 | D:4      | 3123 ||| Stepping randomly (stuck).
  3124 | D:4      | 3124 ||| Stepping randomly (stuck).
  3125 | D:4      | 3125 ||| Stepping randomly (stuck).
  3126 | D:4      | 3126 ||| Stepping randomly (stuck).
  3127 | D:4      | 3127 ||| Stepping randomly (stuck).
  3128 | D:4      | 3128 ||| Stepping randomly (stuck).
  3129 | D:4      | 3129 ||| Stepping randomly (stuck).
  3130 | D:4      | 3130 ||| Stepping randomly (stuck).
  3131 | D:4      | 3131 ||| Stepping randomly (stuck).
  3132 | D:4      | 3132 ||| Stepping randomly (stuck).
  3133 | D:4      | 3133 ||| Stepping randomly (stuck).
  3134 | D:4      | 3134 ||| Stepping randomly (stuck).
  3135 | D:4      | 3135 ||| Stepping randomly (stuck).
  3136 | D:4      | 3136 ||| Stepping randomly (stuck).
  3137 | D:4      | 3137 ||| Stepping randomly (stuck).
  3138 | D:4      | 3138 ||| Stepping randomly (stuck).
  3139 | D:4      | 3139 ||| Stepping randomly (stuck).
  3140 | D:4      | 3140 ||| Stepping randomly (stuck).
  3141 | D:4      | 3141 ||| Stepping randomly (stuck).
  3142 | D:4      | 3142 ||| Stepping randomly (stuck).
  3143 | D:4      | 3143 ||| Stepping randomly (stuck).
  3144 | D:4      | 3144 ||| Stepping randomly (stuck).
  3145 | D:4      | 3145 ||| Stepping randomly (stuck).
  3146 | D:4      | 3146 ||| Stepping randomly (stuck).
  3147 | D:4      | 3147 ||| Stepping randomly (stuck).
  3148 | D:4      | 3148 ||| Stepping randomly (stuck).
  3149 | D:4      | 3149 ||| Stepping randomly (stuck).
  3150 | D:4      | 3150 ||| Stepping randomly (stuck).
  3151 | D:4      | 3151 ||| Stepping randomly (stuck).
  3152 | D:4      | 3152 ||| Stepping randomly (stuck).
  3153 | D:4      | 3153 ||| Stepping randomly (stuck).
  3154 | D:4      | 3154 ||| Stepping randomly (stuck).
  3155 | D:4      | 3155 ||| Stepping randomly (stuck).
  3156 | D:4      | 3156 ||| Stepping randomly (stuck).
  3157 | D:4      | 3157 ||| Stepping randomly (stuck).
  3158 | D:4      | 3158 ||| Stepping randomly (stuck).
  3159 | D:4      | 3159 ||| Stepping randomly (stuck).
  3160 | D:4      | 3160 ||| Stepping randomly (stuck).
  3161 | D:4      | 3161 ||| Stepping randomly (stuck).
  3162 | D:4      | 3162 ||| Stepping randomly (stuck).
  3163 | D:4      | 3163 ||| Stepping randomly (stuck).
  3164 | D:4      | 3164 ||| Stepping randomly (stuck).
  3165 | D:4      | 3165 ||| Stepping randomly (stuck).
  3166 | D:4      | 3166 ||| Stepping randomly (stuck).
  3167 | D:4      | 3167 ||| Stepping randomly (stuck).
  3168 | D:4      | 3168 ||| Stepping randomly (stuck).
  3169 | D:4      | 3169 ||| Stepping randomly (stuck).
  3170 | D:4      | 3170 ||| Stepping randomly (stuck).
  3171 | D:4      | 3171 ||| Stepping randomly (stuck).
  3172 | D:4      | 3172 ||| Stepping randomly (stuck).
  3173 | D:4      | 3173 ||| Stepping randomly (stuck).
  3174 | D:4      | 3174 ||| Stepping randomly (stuck).
  3175 | D:4      | 3175 ||| Stepping randomly (stuck).
  3176 | D:4      | 3176 ||| Stepping randomly (stuck).
  3177 | D:4      | 3177 ||| Stepping randomly (stuck).
  3178 | D:4      | 3178 ||| Stepping randomly (stuck).
  3179 | D:4      | 3179 ||| Stepping randomly (stuck).
  3180 | D:4      | 3180 ||| Stepping randomly (stuck).
  3181 | D:4      | 3181 ||| Stepping randomly (stuck).
  3182 | D:4      | 3182 ||| Stepping randomly (stuck).
  3183 | D:4      | 3183 ||| Stepping randomly (stuck).
  3184 | D:4      | 3184 ||| Stepping randomly (stuck).
  3185 | D:4      | 3185 ||| Stepping randomly (stuck).
  3186 | D:4      | 3186 ||| Stepping randomly (stuck).
  3187 | D:4      | 3187 ||| Stepping randomly (stuck).
  3188 | D:4      | 3188 ||| Stepping randomly (stuck).
  3189 | D:4      | 3189 ||| Stepping randomly (stuck).
  3190 | D:4      | 3190 ||| Stepping randomly (stuck).
  3191 | D:4      | 3191 ||| Stepping randomly (stuck).
  3192 | D:4      | 3192 ||| Stepping randomly (stuck).
  3193 | D:4      | 3193 ||| Stepping randomly (stuck).
  3194 | D:4      | 3194 ||| Stepping randomly (stuck).
  3195 | D:4      | 3195 ||| Stepping randomly (stuck).
  3196 | D:4      | 3196 ||| Stepping randomly (stuck).
  3197 | D:4      | 3197 ||| Stepping randomly (stuck).
  3198 | D:4      | 3198 ||| Stepping randomly (stuck).
  3199 | D:4      | 3199 ||| Stepping randomly (stuck).
  3200 | D:4      | 3200 ||| Stepping randomly (stuck).
  3201 | D:4      | 3201 ||| Stepping randomly (stuck).
  3202 | D:4      | 3202 ||| Stepping randomly (stuck).
  3203 | D:4      | 3203 ||| Stepping randomly (stuck).
  3204 | D:4      | 3204 ||| Stepping randomly (stuck).
  3205 | D:4      | 3205 ||| Stepping randomly (stuck).
  3206 | D:4      | 3206 ||| Stepping randomly (stuck).
  3207 | D:4      | 3207 ||| Stepping randomly (stuck).
  3208 | D:4      | 3208 ||| Stepping randomly (stuck).
  3209 | D:4      | 3209 ||| Stepping randomly (stuck).
  3210 | D:4      | 3210 ||| Stepping randomly (stuck).
  3211 | D:4      | 3211 ||| Stepping randomly (stuck).
  3212 | D:4      | 3212 ||| Stepping randomly (stuck).
  3213 | D:4      | 3213 ||| Stepping randomly (stuck).
  3214 | D:4      | 3214 ||| Stepping randomly (stuck).
  3215 | D:4      | 3215 ||| Stepping randomly (stuck).
  3216 | D:4      | 3216 ||| Stepping randomly (stuck).
  3217 | D:4      | 3217 ||| Stepping randomly (stuck).
  3218 | D:4      | 3218 ||| Stepping randomly (stuck).
  3219 | D:4      | 3219 ||| Stepping randomly (stuck).
  3220 | D:4      | 3220 ||| Stepping randomly (stuck).
  3221 | D:4      | 3221 ||| Stepping randomly (stuck).
  3222 | D:4      | 3222 ||| Stepping randomly (stuck).
  3223 | D:4      | 3223 ||| Stepping randomly (stuck).
  3224 | D:4      | 3224 ||| Stepping randomly (stuck).
  3225 | D:4      | 3225 ||| Stepping randomly (stuck).
  3226 | D:4      | 3226 ||| Stepping randomly (stuck).
  3227 | D:4      | 3227 ||| Stepping randomly (stuck).
  3228 | D:4      | 3228 ||| Stepping randomly (stuck).
  3229 | D:4      | 3229 ||| Stepping randomly (stuck).
  3230 | D:4      | 3230 ||| Stepping randomly (stuck).
  3231 | D:4      | 3231 ||| Stepping randomly (stuck).
  3232 | D:4      | 3232 ||| Stepping randomly (stuck).
  3233 | D:4      | 3233 ||| Stepping randomly (stuck).
  3234 | D:4      | 3234 ||| Stepping randomly (stuck).
  3235 | D:4      | 3235 ||| Stepping randomly (stuck).
  3236 | D:4      | 3236 ||| Stepping randomly (stuck).
  3237 | D:4      | 3237 ||| Stepping randomly (stuck).
  3238 | D:4      | 3238 ||| Stepping randomly (stuck).
  3239 | D:4      | 3239 ||| Stepping randomly (stuck).
  3240 | D:4      | 3240 ||| Stepping randomly (stuck).
  3241 | D:4      | 3241 ||| Stepping randomly (stuck).
  3242 | D:4      | 3242 ||| Stepping randomly (stuck).
  3243 | D:4      | 3243 ||| Stepping randomly (stuck).
  3244 | D:4      | 3244 ||| Stepping randomly (stuck).
  3245 | D:4      | 3245 ||| Stepping randomly (stuck).
  3246 | D:4      | 3246 ||| Stepping randomly (stuck).
  3247 | D:4      | 3247 ||| Stepping randomly (stuck).
  3248 | D:4      | 3248 ||| Stepping randomly (stuck).
  3249 | D:4      | 3249 ||| Stepping randomly (stuck).
  3250 | D:4      | 3250 ||| Stepping randomly (stuck).
  3251 | D:4      | 3251 ||| Stepping randomly (stuck).
  3252 | D:4      | 3252 ||| Stepping randomly (stuck).
  3253 | D:4      | 3253 ||| Stepping randomly (stuck).
  3254 | D:4      | 3254 ||| Stepping randomly (stuck).
  3255 | D:4      | 3255 ||| Stepping randomly (stuck).
  3256 | D:4      | 3256 ||| Stepping randomly (stuck).
  3257 | D:4      | 3257 ||| Stepping randomly (stuck).
  3258 | D:4      | 3258 ||| Stepping randomly (stuck).
  3259 | D:4      | 3259 ||| Stepping randomly (stuck).
  3260 | D:4      | 3260 ||| Stepping randomly (stuck).
  3261 | D:4      | 3261 ||| Stepping randomly (stuck).
  3262 | D:4      | 3262 ||| Stepping randomly (stuck).
  3263 | D:4      | 3263 ||| Stepping randomly (stuck).
  3264 | D:4      | 3264 ||| Stepping randomly (stuck).
  3265 | D:4      | 3265 ||| Stepping randomly (stuck).
  3266 | D:4      | 3266 ||| Stepping randomly (stuck).
  3267 | D:4      | 3267 ||| Stepping randomly (stuck).
  3268 | D:4      | 3268 ||| Stepping randomly (stuck).
  3269 | D:4      | 3269 ||| Stepping randomly (stuck).
  3270 | D:4      | 3270 ||| Stepping randomly (stuck).
  3271 | D:4      | 3271 ||| Stepping randomly (stuck).
  3272 | D:4      | 3272 ||| Stepping randomly (stuck).
  3273 | D:4      | 3273 ||| Stepping randomly (stuck).
  3274 | D:4      | 3274 ||| Stepping randomly (stuck).
  3275 | D:4      | 3275 ||| Stepping randomly (stuck).
  3276 | D:4      | 3276 ||| Stepping randomly (stuck).
  3277 | D:4      | 3277 ||| Stepping randomly (stuck).
  3278 | D:4      | 3278 ||| Stepping randomly (stuck).
  3279 | D:4      | 3279 ||| Stepping randomly (stuck).
  3280 | D:4      | 3280 ||| Stepping randomly (stuck).
  3281 | D:4      | 3281 ||| Stepping randomly (stuck).
  3282 | D:4      | 3282 ||| Stepping randomly (stuck).
  3283 | D:4      | 3283 ||| Stepping randomly (stuck).
  3284 | D:4      | 3284 ||| Stepping randomly (stuck).
  3285 | D:4      | 3285 ||| Stepping randomly (stuck).
  3286 | D:4      | 3286 ||| Stepping randomly (stuck).
  3287 | D:4      | 3287 ||| Stepping randomly (stuck).
  3288 | D:4      | 3288 ||| Stepping randomly (stuck).
  3289 | D:4      | 3289 ||| Stepping randomly (stuck).
  3290 | D:4      | 3290 ||| Stepping randomly (stuck).
  3291 | D:4      | 3291 ||| Stepping randomly (stuck).
  3292 | D:4      | 3292 ||| Stepping randomly (stuck).
  3293 | D:4      | 3293 ||| Stepping randomly (stuck).
  3294 | D:4      | 3294 ||| Stepping randomly (stuck).
  3295 | D:4      | 3295 ||| Stepping randomly (stuck).
  3296 | D:4      | 3296 ||| Stepping randomly (stuck).
  3297 | D:4      | 3297 ||| Stepping randomly (stuck).
  3298 | D:4      | 3298 ||| Stepping randomly (stuck).
  3299 | D:4      | 3299 ||| Stepping randomly (stuck).
  3300 | D:4      | 3300 ||| Stepping randomly (stuck).
  3301 | D:4      | 3301 ||| Stepping randomly (stuck).
  3302 | D:4      | 3302 ||| Stepping randomly (stuck).
  3303 | D:4      | 3303 ||| Stepping randomly (stuck).
  3304 | D:4      | 3304 ||| Stepping randomly (stuck).
  3305 | D:4      | 3305 ||| Stepping randomly (stuck).
  3306 | D:4      | 3306 ||| Stepping randomly (stuck).
  3307 | D:4      | 3307 ||| Stepping randomly (stuck).
  3308 | D:4      | 3308 ||| Stepping randomly (stuck).
  3309 | D:4      | 3309 ||| Stepping randomly (stuck).
  3310 | D:4      | 3310 ||| Stepping randomly (stuck).
  3311 | D:4      | 3311 ||| Stepping randomly (stuck).
  3312 | D:4      | 3312 ||| Stepping randomly (stuck).
  3313 | D:4      | 3313 ||| Stepping randomly (stuck).
  3314 | D:4      | 3314 ||| Stepping randomly (stuck).
  3315 | D:4      | 3315 ||| Stepping randomly (stuck).
  3316 | D:4      | 3316 ||| Stepping randomly (stuck).
  3317 | D:4      | 3317 ||| Stepping randomly (stuck).
  3318 | D:4      | 3318 ||| Stepping randomly (stuck).
  3319 | D:4      | 3319 ||| Stepping randomly (stuck).
  3320 | D:4      | 3320 ||| Stepping randomly (stuck).
  3321 | D:4      | 3321 ||| Stepping randomly (stuck).
  3322 | D:4      | 3322 ||| Stepping randomly (stuck).
  3323 | D:4      | 3323 ||| Stepping randomly (stuck).
  3324 | D:4      | 3324 ||| Stepping randomly (stuck).
  3325 | D:4      | 3325 ||| Stepping randomly (stuck).
  3326 | D:4      | 3326 ||| Stepping randomly (stuck).
  3327 | D:4      | 3327 ||| Stepping randomly (stuck).
  3328 | D:4      | 3328 ||| Stepping randomly (stuck).
  3329 | D:4      | 3329 ||| Stepping randomly (stuck).
  3330 | D:4      | 3330 ||| Stepping randomly (stuck).
  3331 | D:4      | 3331 ||| Stepping randomly (stuck).
  3332 | D:4      | 3332 ||| Stepping randomly (stuck).
  3333 | D:4      | 3333 ||| Stepping randomly (stuck).
  3334 | D:4      | 3334 ||| Stepping randomly (stuck).
  3335 | D:4      | 3335 ||| Stepping randomly (stuck).
  3336 | D:4      | 3336 ||| Stepping randomly (stuck).
  3337 | D:4      | 3337 ||| Stepping randomly (stuck).
  3338 | D:4      | 3338 ||| Stepping randomly (stuck).
  3339 | D:4      | 3339 ||| Stepping randomly (stuck).
  3340 | D:4      | 3340 ||| Stepping randomly (stuck).
  3341 | D:4      | 3341 ||| Stepping randomly (stuck).
  3342 | D:4      | 3342 ||| Stepping randomly (stuck).
  3343 | D:4      | 3343 ||| Stepping randomly (stuck).
  3344 | D:4      | 3344 ||| Stepping randomly (stuck).
  3345 | D:4      | 3345 ||| Stepping randomly (stuck).
  3346 | D:4      | 3346 ||| Stepping randomly (stuck).
  3347 | D:4      | 3347 ||| Stepping randomly (stuck).
  3348 | D:4      | 3348 ||| Stepping randomly (stuck).
  3349 | D:4      | 3349 ||| Stepping randomly (stuck).
  3350 | D:4      | 3350 ||| Stepping randomly (stuck).
  3351 | D:4      | 3351 ||| Stepping randomly (stuck).
  3352 | D:4      | 3352 ||| Stepping randomly (stuck).
  3353 | D:4      | 3353 ||| Stepping randomly (stuck).
  3354 | D:4      | 3354 ||| Stepping randomly (stuck).
  3355 | D:4      | 3355 ||| Stepping randomly (stuck).
  3356 | D:4      | 3356 ||| Stepping randomly (stuck).
  3357 | D:4      | 3357 ||| Stepping randomly (stuck).
  3358 | D:4      | 3358 ||| Stepping randomly (stuck).
  3359 | D:4      | 3359 ||| Stepping randomly (stuck).
  3360 | D:4      | 3360 ||| Stepping randomly (stuck).
  3361 | D:4      | 3361 ||| Stepping randomly (stuck).
  3362 | D:4      | 3362 ||| Stepping randomly (stuck).
  3363 | D:4      | 3363 ||| Stepping randomly (stuck).
  3364 | D:4      | 3364 ||| Stepping randomly (stuck).
  3365 | D:4      | 3365 ||| Stepping randomly (stuck).
  3366 | D:4      | 3366 ||| Stepping randomly (stuck).
  3367 | D:4      | 3367 ||| Stepping randomly (stuck).
  3368 | D:4      | 3368 ||| Stepping randomly (stuck).
  3369 | D:4      | 3369 ||| Stepping randomly (stuck).
  3370 | D:4      | 3370 ||| Stepping randomly (stuck).
  3371 | D:4      | 3371 ||| Stepping randomly (stuck).
  3372 | D:4      | 3372 ||| Stepping randomly (stuck).
  3373 | D:4      | 3373 ||| Stepping randomly (stuck).
  3374 | D:4      | 3374 ||| Stepping randomly (stuck).
  3375 | D:4      | 3375 ||| Stepping randomly (stuck).
  3376 | D:4      | 3376 ||| Stepping randomly (stuck).
  3377 | D:4      | 3377 ||| Stepping randomly (stuck).
  3378 | D:4      | 3378 ||| Stepping randomly (stuck).
  3379 | D:4      | 3379 ||| Stepping randomly (stuck).
  3380 | D:4      | 3380 ||| Stepping randomly (stuck).
  3381 | D:4      | 3381 ||| Stepping randomly (stuck).
  3382 | D:4      | 3382 ||| Stepping randomly (stuck).
  3383 | D:4      | 3383 ||| Stepping randomly (stuck).
  3384 | D:4      | 3384 ||| Stepping randomly (stuck).
  3385 | D:4      | 3385 ||| Stepping randomly (stuck).
  3386 | D:4      | 3386 ||| Stepping randomly (stuck).
  3387 | D:4      | 3387 ||| Stepping randomly (stuck).
  3388 | D:4      | 3388 ||| Stepping randomly (stuck).
  3389 | D:4      | 3389 ||| Stepping randomly (stuck).
  3390 | D:4      | 3390 ||| Stepping randomly (stuck).
  3391 | D:4      | 3391 ||| Stepping randomly (stuck).
  3392 | D:4      | 3392 ||| Stepping randomly (stuck).
  3393 | D:4      | 3393 ||| Stepping randomly (stuck).
  3394 | D:4      | 3394 ||| Stepping randomly (stuck).
  3395 | D:4      | 3395 ||| Stepping randomly (stuck).
  3396 | D:4      | 3396 ||| Stepping randomly (stuck).
  3397 | D:4      | 3397 ||| Stepping randomly (stuck).
  3398 | D:4      | 3398 ||| Stepping randomly (stuck).
  3399 | D:4      | 3399 ||| Stepping randomly (stuck).
  3400 | D:4      | 3400 ||| Stepping randomly (stuck).
  3401 | D:4      | 3401 ||| Stepping randomly (stuck).
  3402 | D:4      | 3402 ||| Stepping randomly (stuck).
  3403 | D:4      | 3403 ||| Stepping randomly (stuck).
  3404 | D:4      | 3404 ||| Stepping randomly (stuck).
  3405 | D:4      | 3405 ||| Stepping randomly (stuck).
  3406 | D:4      | 3406 ||| Stepping randomly (stuck).
  3407 | D:4      | 3407 ||| Stepping randomly (stuck).
  3408 | D:4      | 3408 ||| Stepping randomly (stuck).
  3409 | D:4      | 3409 ||| Stepping randomly (stuck).
  3410 | D:4      | 3410 ||| Stepping randomly (stuck).
  3411 | D:4      | 3411 ||| Stepping randomly (stuck).
  3412 | D:4      | 3412 ||| Stepping randomly (stuck).
  3413 | D:4      | 3413 ||| Stepping randomly (stuck).
  3414 | D:4      | 3414 ||| Stepping randomly (stuck).
  3415 | D:4      | 3415 ||| Stepping randomly (stuck).
  3416 | D:4      | 3416 ||| Stepping randomly (stuck).
  3417 | D:4      | 3417 ||| Stepping randomly (stuck).
  3418 | D:4      | 3418 ||| Stepping randomly (stuck).
  3419 | D:4      | 3419 ||| Stepping randomly (stuck).
  3420 | D:4      | 3420 ||| Stepping randomly (stuck).
  3421 | D:4      | 3421 ||| Stepping randomly (stuck).
  3422 | D:4      | 3422 ||| Stepping randomly (stuck).
  3423 | D:4      | 3423 ||| Stepping randomly (stuck).
  3424 | D:4      | 3424 ||| Stepping randomly (stuck).
  3425 | D:4      | 3425 ||| Stepping randomly (stuck).
  3426 | D:4      | 3426 ||| Stepping randomly (stuck).
  3427 | D:4      | 3427 ||| Stepping randomly (stuck).
  3428 | D:4      | 3428 ||| Stepping randomly (stuck).
  3429 | D:4      | 3429 ||| Stepping randomly (stuck).
  3430 | D:4      | 3430 ||| Stepping randomly (stuck).
  3431 | D:4      | 3431 ||| Stepping randomly (stuck).
  3432 | D:4      | 3432 ||| Stepping randomly (stuck).
  3433 | D:4      | 3433 ||| Stepping randomly (stuck).
  3434 | D:4      | 3434 ||| Stepping randomly (stuck).
  3435 | D:4      | 3435 ||| Stepping randomly (stuck).
  3436 | D:4      | 3436 ||| Stepping randomly (stuck).
  3437 | D:4      | 3437 ||| Stepping randomly (stuck).
  3438 | D:4      | 3438 ||| Stepping randomly (stuck).
  3439 | D:4      | 3439 ||| Stepping randomly (stuck).
  3440 | D:4      | 3440 ||| Stepping randomly (stuck).
  3441 | D:4      | 3441 ||| Stepping randomly (stuck).
  3442 | D:4      | 3442 ||| Stepping randomly (stuck).
  3443 | D:4      | 3443 ||| Stepping randomly (stuck).
  3444 | D:4      | 3444 ||| Stepping randomly (stuck).
  3445 | D:4      | 3445 ||| Stepping randomly (stuck).
  3446 | D:4      | 3446 ||| Stepping randomly (stuck).
  3447 | D:4      | 3447 ||| Stepping randomly (stuck).
  3448 | D:4      | 3448 ||| Stepping randomly (stuck).
  3449 | D:4      | 3449 ||| Stepping randomly (stuck).
  3450 | D:4      | 3450 ||| Stepping randomly (stuck).
  3451 | D:4      | 3451 ||| Stepping randomly (stuck).
  3452 | D:4      | 3452 ||| Stepping randomly (stuck).
  3453 | D:4      | 3453 ||| Stepping randomly (stuck).
  3454 | D:4      | 3454 ||| Stepping randomly (stuck).
  3455 | D:4      | 3455 ||| Stepping randomly (stuck).
  3456 | D:4      | 3456 ||| Stepping randomly (stuck).
  3457 | D:4      | 3457 ||| Stepping randomly (stuck).
  3458 | D:4      | 3458 ||| Stepping randomly (stuck).
  3459 | D:4      | 3459 ||| Stepping randomly (stuck).
  3460 | D:4      | 3460 ||| Stepping randomly (stuck).
  3461 | D:4      | 3461 ||| Stepping randomly (stuck).
  3462 | D:4      | 3462 ||| Stepping randomly (stuck).
  3463 | D:4      | 3463 ||| Stepping randomly (stuck).
  3464 | D:4      | 3464 ||| Stepping randomly (stuck).
  3465 | D:4      | 3465 ||| Stepping randomly (stuck).
  3466 | D:4      | 3466 ||| Stepping randomly (stuck).
  3467 | D:4      | 3467 ||| Stepping randomly (stuck).
  3468 | D:4      | 3468 ||| Stepping randomly (stuck).
  3469 | D:4      | 3469 ||| Stepping randomly (stuck).
  3470 | D:4      | 3470 ||| Stepping randomly (stuck).
  3471 | D:4      | 3471 ||| Stepping randomly (stuck).
  3472 | D:4      | 3472 ||| Stepping randomly (stuck).
  3473 | D:4      | 3473 ||| Stepping randomly (stuck).
  3474 | D:4      | 3474 ||| Stepping randomly (stuck).
  3475 | D:4      | 3475 ||| Stepping randomly (stuck).
  3476 | D:4      | 3476 ||| Stepping randomly (stuck).
  3477 | D:4      | 3477 ||| Stepping randomly (stuck).
  3478 | D:4      | 3478 ||| Stepping randomly (stuck).
  3479 | D:4      | 3479 ||| Stepping randomly (stuck).
  3480 | D:4      | 3480 ||| Stepping randomly (stuck).
  3481 | D:4      | 3481 ||| Stepping randomly (stuck).
  3482 | D:4      | 3482 ||| Stepping randomly (stuck).
  3483 | D:4      | 3483 ||| Stepping randomly (stuck).
  3484 | D:4      | 3484 ||| Stepping randomly (stuck).
  3485 | D:4      | 3485 ||| Stepping randomly (stuck).
  3486 | D:4      | 3486 ||| Stepping randomly (stuck).
  3487 | D:4      | 3487 ||| Stepping randomly (stuck).
  3488 | D:4      | 3488 ||| Stepping randomly (stuck).
  3489 | D:4      | 3489 ||| Stepping randomly (stuck).
  3490 | D:4      | 3490 ||| Stepping randomly (stuck).
  3491 | D:4      | 3491 ||| Stepping randomly (stuck).
  3492 | D:4      | 3492 ||| Stepping randomly (stuck).
  3493 | D:4      | 3493 ||| Stepping randomly (stuck).
  3494 | D:4      | 3494 ||| Stepping randomly (stuck).
  3495 | D:4      | 3495 ||| Stepping randomly (stuck).
  3496 | D:4      | 3496 ||| Stepping randomly (stuck).
  3497 | D:4      | 3497 ||| Stepping randomly (stuck).
  3498 | D:4      | 3498 ||| Stepping randomly (stuck).
  3499 | D:4      | 3499 ||| Stepping randomly (stuck).
  3500 | D:4      | 3500 ||| Stepping randomly (stuck).
  3501 | D:4      | 3501 ||| Stepping randomly (stuck).
  3502 | D:4      | 3502 ||| Stepping randomly (stuck).
  3503 | D:4      | 3503 ||| Stepping randomly (stuck).
  3504 | D:4      | 3504 ||| Stepping randomly (stuck).
  3505 | D:4      | 3505 ||| Stepping randomly (stuck).
  3506 | D:4      | 3506 ||| Stepping randomly (stuck).
  3507 | D:4      | 3507 ||| Stepping randomly (stuck).
  3508 | D:4      | 3508 ||| Stepping randomly (stuck).
  3509 | D:4      | 3509 ||| Stepping randomly (stuck).
  3510 | D:4      | 3510 ||| Stepping randomly (stuck).
  3511 | D:4      | 3511 ||| Stepping randomly (stuck).
  3512 | D:4      | 3512 ||| Stepping randomly (stuck).
  3513 | D:4      | 3513 ||| Stepping randomly (stuck).
  3514 | D:4      | 3514 ||| Stepping randomly (stuck).
  3515 | D:4      | 3515 ||| Stepping randomly (stuck).
  3516 | D:4      | 3516 ||| Stepping randomly (stuck).
  3517 | D:4      | 3517 ||| Stepping randomly (stuck).
  3518 | D:4      | 3518 ||| Stepping randomly (stuck).
  3519 | D:4      | 3519 ||| Stepping randomly (stuck).
  3520 | D:4      | 3520 ||| Stepping randomly (stuck).
  3521 | D:4      | 3521 ||| Stepping randomly (stuck).
  3522 | D:4      | 3522 ||| Stepping randomly (stuck).
  3523 | D:4      | 3523 ||| Stepping randomly (stuck).
  3524 | D:4      | 3524 ||| Stepping randomly (stuck).
  3525 | D:4      | 3525 ||| Stepping randomly (stuck).
  3526 | D:4      | 3526 ||| Stepping randomly (stuck).
  3527 | D:4      | 3527 ||| Stepping randomly (stuck).
  3528 | D:4      | 3528 ||| Stepping randomly (stuck).
  3529 | D:4      | 3529 ||| Stepping randomly (stuck).
  3530 | D:4      | 3530 ||| Stepping randomly (stuck).
  3531 | D:4      | 3531 ||| Stepping randomly (stuck).
  3532 | D:4      | 3532 ||| Stepping randomly (stuck).
  3533 | D:4      | 3533 ||| Stepping randomly (stuck).
  3534 | D:4      | 3534 ||| Stepping randomly (stuck).
  3535 | D:4      | 3535 ||| Stepping randomly (stuck).
  3536 | D:4      | 3536 ||| Stepping randomly (stuck).
  3537 | D:4      | 3537 ||| Stepping randomly (stuck).
  3538 | D:4      | 3538 ||| Stepping randomly (stuck).
  3539 | D:4      | 3539 ||| Stepping randomly (stuck).
  3540 | D:4      | 3540 ||| Stepping randomly (stuck).
  3541 | D:4      | 3541 ||| Stepping randomly (stuck).
  3542 | D:4      | 3542 ||| Stepping randomly (stuck).
  3543 | D:4      | 3543 ||| Stepping randomly (stuck).
  3544 | D:4      | 3544 ||| Stepping randomly (stuck).
  3545 | D:4      | 3545 ||| Stepping randomly (stuck).
  3546 | D:4      | 3546 ||| Stepping randomly (stuck).
  3547 | D:4      | 3547 ||| Stepping randomly (stuck).
  3548 | D:4      | 3548 ||| Stepping randomly (stuck).
  3549 | D:4      | 3549 ||| Stepping randomly (stuck).
  3550 | D:4      | 3550 ||| Stepping randomly (stuck).
  3551 | D:4      | 3551 ||| Stepping randomly (stuck).
  3552 | D:4      | 3552 ||| Stepping randomly (stuck).
  3553 | D:4      | 3553 ||| Stepping randomly (stuck).
  3554 | D:4      | 3554 ||| Stepping randomly (stuck).
  3555 | D:4      | 3555 ||| Stepping randomly (stuck).
  3556 | D:4      | 3556 ||| Stepping randomly (stuck).
  3557 | D:4      | 3557 ||| Stepping randomly (stuck).
  3558 | D:4      | 3558 ||| Stepping randomly (stuck).
  3559 | D:4      | 3559 ||| Stepping randomly (stuck).
  3560 | D:4      | 3560 ||| Stepping randomly (stuck).
  3561 | D:4      | 3561 ||| Stepping randomly (stuck).
  3562 | D:4      | 3562 ||| Stepping randomly (stuck).
  3563 | D:4      | 3563 ||| Stepping randomly (stuck).
  3564 | D:4      | 3564 ||| Stepping randomly (stuck).
  3565 | D:4      | 3565 ||| Stepping randomly (stuck).
  3566 | D:4      | 3566 ||| Stepping randomly (stuck).
  3567 | D:4      | 3567 ||| Stepping randomly (stuck).
  3568 | D:4      | 3568 ||| Stepping randomly (stuck).
  3569 | D:4      | 3569 ||| Stepping randomly (stuck).
  3570 | D:4      | 3570 ||| Stepping randomly (stuck).
  3571 | D:4      | 3571 ||| Stepping randomly (stuck).
  3572 | D:4      | 3572 ||| Stepping randomly (stuck).
  3573 | D:4      | 3573 ||| Stepping randomly (stuck).
  3574 | D:4      | 3574 ||| Stepping randomly (stuck).
  3575 | D:4      | 3575 ||| Stepping randomly (stuck).
  3576 | D:4      | 3576 ||| Stepping randomly (stuck).
  3577 | D:4      | 3577 ||| Stepping randomly (stuck).
  3578 | D:4      | 3578 ||| Stepping randomly (stuck).
  3579 | D:4      | 3579 ||| Stepping randomly (stuck).
  3580 | D:4      | 3580 ||| Stepping randomly (stuck).
  3581 | D:4      | 3581 ||| Stepping randomly (stuck).
  3582 | D:4      | 3582 ||| Stepping randomly (stuck).
  3583 | D:4      | 3583 ||| Stepping randomly (stuck).
  3584 | D:4      | 3584 ||| Stepping randomly (stuck).
  3585 | D:4      | 3585 ||| Stepping randomly (stuck).
  3586 | D:4      | 3586 ||| Stepping randomly (stuck).
  3587 | D:4      | 3587 ||| Stepping randomly (stuck).
  3588 | D:4      | 3588 ||| Stepping randomly (stuck).
  3589 | D:4      | 3589 ||| Stepping randomly (stuck).
  3590 | D:4      | 3590 ||| Stepping randomly (stuck).
  3591 | D:4      | 3591 ||| Stepping randomly (stuck).
  3592 | D:4      | 3592 ||| Stepping randomly (stuck).
  3593 | D:4      | 3593 ||| Stepping randomly (stuck).
  3594 | D:4      | 3594 ||| Stepping randomly (stuck).
  3595 | D:4      | 3595 ||| Stepping randomly (stuck).
  3596 | D:4      | 3596 ||| Stepping randomly (stuck).
  3597 | D:4      | 3597 ||| Stepping randomly (stuck).
  3598 | D:4      | 3598 ||| Stepping randomly (stuck).
  3599 | D:4      | 3599 ||| Stepping randomly (stuck).
  3600 | D:4      | 3600 ||| Stepping randomly (stuck).
  3601 | D:4      | 3601 ||| Stepping randomly (stuck).
  3602 | D:4      | 3602 ||| Stepping randomly (stuck).
  3603 | D:4      | 3603 ||| Stepping randomly (stuck).
  3604 | D:4      | 3604 ||| Stepping randomly (stuck).
  3605 | D:4      | 3605 ||| Stepping randomly (stuck).
  3606 | D:4      | 3606 ||| Stepping randomly (stuck).
  3607 | D:4      | 3607 ||| Stepping randomly (stuck).
  3608 | D:4      | 3608 ||| Stepping randomly (stuck).
  3609 | D:4      | 3609 ||| Stepping randomly (stuck).
  3610 | D:4      | 3610 ||| Stepping randomly (stuck).
  3611 | D:4      | 3611 ||| Stepping randomly (stuck).
  3612 | D:4      | 3612 ||| Stepping randomly (stuck).
  3613 | D:4      | 3613 ||| Stepping randomly (stuck).
  3614 | D:4      | 3614 ||| Stepping randomly (stuck).
  3615 | D:4      | 3615 ||| Stepping randomly (stuck).
  3616 | D:4      | 3616 ||| Stepping randomly (stuck).
  3617 | D:4      | 3617 ||| Stepping randomly (stuck).
  3618 | D:4      | 3618 ||| Stepping randomly (stuck).
  3619 | D:4      | 3619 ||| Stepping randomly (stuck).
  3620 | D:4      | 3620 ||| Stepping randomly (stuck).
  3621 | D:4      | 3621 ||| Stepping randomly (stuck).
  3622 | D:4      | 3622 ||| Stepping randomly (stuck).
  3623 | D:4      | 3623 ||| Stepping randomly (stuck).
  3624 | D:4      | 3624 ||| Stepping randomly (stuck).
  3625 | D:4      | 3625 ||| Stepping randomly (stuck).
  3626 | D:4      | 3626 ||| Stepping randomly (stuck).
  3627 | D:4      | 3627 ||| Stepping randomly (stuck).
  3628 | D:4      | 3628 ||| Stepping randomly (stuck).
  3629 | D:4      | 3629 ||| Stepping randomly (stuck).
  3630 | D:4      | 3630 ||| Stepping randomly (stuck).
  3631 | D:4      | 3631 ||| Stepping randomly (stuck).
  3632 | D:4      | 3632 ||| Stepping randomly (stuck).
  3633 | D:4      | 3633 ||| Stepping randomly (stuck).
  3634 | D:4      | 3634 ||| Stepping randomly (stuck).
  3635 | D:4      | 3635 ||| Stepping randomly (stuck).
  3636 | D:4      | 3636 ||| Stepping randomly (stuck).
  3637 | D:4      | 3637 ||| Stepping randomly (stuck).
  3638 | D:4      | 3638 ||| Stepping randomly (stuck).
  3639 | D:4      | 3639 ||| Stepping randomly (stuck).
  3640 | D:4      | 3640 ||| Stepping randomly (stuck).
  3641 | D:4      | 3641 ||| Stepping randomly (stuck).
  3642 | D:4      | 3642 ||| Stepping randomly (stuck).
  3643 | D:4      | 3643 ||| Stepping randomly (stuck).
  3644 | D:4      | 3644 ||| Stepping randomly (stuck).
  3645 | D:4      | 3645 ||| Stepping randomly (stuck).
  3646 | D:4      | 3646 ||| Stepping randomly (stuck).
  3647 | D:4      | 3647 ||| Stepping randomly (stuck).
  3648 | D:4      | 3648 ||| Stepping randomly (stuck).
  3649 | D:4      | 3649 ||| Stepping randomly (stuck).
  3650 | D:4      | 3650 ||| Stepping randomly (stuck).
  3651 | D:4      | 3651 ||| Stepping randomly (stuck).
  3652 | D:4      | 3652 ||| Stepping randomly (stuck).
  3653 | D:4      | 3653 ||| Stepping randomly (stuck).
  3654 | D:4      | 3654 ||| Stepping randomly (stuck).
  3655 | D:4      | 3655 ||| Stepping randomly (stuck).
  3656 | D:4      | 3656 ||| Stepping randomly (stuck).
  3657 | D:4      | 3657 ||| Stepping randomly (stuck).
  3658 | D:4      | 3658 ||| Stepping randomly (stuck).
  3659 | D:4      | 3659 ||| Stepping randomly (stuck).
  3660 | D:4      | 3660 ||| Stepping randomly (stuck).
  3661 | D:4      | 3661 ||| Stepping randomly (stuck).
  3662 | D:4      | 3662 ||| Stepping randomly (stuck).
  3663 | D:4      | 3663 ||| Stepping randomly (stuck).
  3664 | D:4      | 3664 ||| Stepping randomly (stuck).
  3665 | D:4      | 3665 ||| Stepping randomly (stuck).
  3666 | D:4      | 3666 ||| Stepping randomly (stuck).
  3667 | D:4      | 3667 ||| Stepping randomly (stuck).
  3668 | D:4      | 3668 ||| Stepping randomly (stuck).
  3669 | D:4      | 3669 ||| Stepping randomly (stuck).
  3670 | D:4      | 3670 ||| Stepping randomly (stuck).
  3671 | D:4      | 3671 ||| Stepping randomly (stuck).
  3672 | D:4      | 3672 ||| Stepping randomly (stuck).
  3673 | D:4      | 3673 ||| Stepping randomly (stuck).
  3674 | D:4      | 3674 ||| Stepping randomly (stuck).
  3675 | D:4      | 3675 ||| Stepping randomly (stuck).
  3676 | D:4      | 3676 ||| Stepping randomly (stuck).
  3677 | D:4      | 3677 ||| Stepping randomly (stuck).
  3678 | D:4      | 3678 ||| Stepping randomly (stuck).
  3679 | D:4      | 3679 ||| Stepping randomly (stuck).
  3680 | D:4      | 3680 ||| Stepping randomly (stuck).
  3681 | D:4      | 3681 ||| Stepping randomly (stuck).
  3682 | D:4      | 3682 ||| Stepping randomly (stuck).
  3683 | D:4      | 3683 ||| Stepping randomly (stuck).
  3684 | D:4      | 3684 ||| Stepping randomly (stuck).
  3685 | D:4      | 3685 ||| Stepping randomly (stuck).
  3686 | D:4      | 3686 ||| Stepping randomly (stuck).
  3687 | D:4      | 3687 ||| Stepping randomly (stuck).
  3688 | D:4      | 3688 ||| Stepping randomly (stuck).
  3689 | D:4      | 3689 ||| Stepping randomly (stuck).
  3690 | D:4      | 3690 ||| Stepping randomly (stuck).
  3691 | D:4      | 3691 ||| Stepping randomly (stuck).
  3692 | D:4      | 3692 ||| Stepping randomly (stuck).
  3693 | D:4      | 3693 ||| Stepping randomly (stuck).
  3694 | D:4      | 3694 ||| Stepping randomly (stuck).
  3695 | D:4      | 3695 ||| Stepping randomly (stuck).
  3696 | D:4      | 3696 ||| Stepping randomly (stuck).
  3697 | D:4      | 3697 ||| Stepping randomly (stuck).
  3698 | D:4      | 3698 ||| Stepping randomly (stuck).
  3699 | D:4      | 3699 ||| Stepping randomly (stuck).
  3700 | D:4      | 3700 ||| Stepping randomly (stuck).
  3701 | D:4      | 3701 ||| Stepping randomly (stuck).
  3702 | D:4      | 3702 ||| Stepping randomly (stuck).
  3703 | D:4      | 3703 ||| Stepping randomly (stuck).
  3704 | D:4      | 3704 ||| Stepping randomly (stuck).
  3705 | D:4      | 3705 ||| Stepping randomly (stuck).
  3706 | D:4      | 3706 ||| Stepping randomly (stuck).
  3707 | D:4      | 3707 ||| Stepping randomly (stuck).
  3708 | D:4      | 3708 ||| Stepping randomly (stuck).
  3709 | D:4      | 3709 ||| Stepping randomly (stuck).
  3710 | D:4      | 3710 ||| Stepping randomly (stuck).
  3711 | D:4      | 3711 ||| Stepping randomly (stuck).
  3712 | D:4      | 3712 ||| Stepping randomly (stuck).
  3713 | D:4      | 3713 ||| Stepping randomly (stuck).
  3714 | D:4      | 3714 ||| Stepping randomly (stuck).
  3715 | D:4      | 3715 ||| Stepping randomly (stuck).
  3716 | D:4      | 3716 ||| Stepping randomly (stuck).
  3717 | D:4      | 3717 ||| Stepping randomly (stuck).
  3718 | D:4      | 3718 ||| Stepping randomly (stuck).
  3719 | D:4      | 3719 ||| Stepping randomly (stuck).
  3720 | D:4      | 3720 ||| Stepping randomly (stuck).
  3721 | D:4      | 3721 ||| Stepping randomly (stuck).
  3722 | D:4      | 3722 ||| Stepping randomly (stuck).
  3723 | D:4      | 3723 ||| Stepping randomly (stuck).
  3724 | D:4      | 3724 ||| Stepping randomly (stuck).
  3725 | D:4      | 3725 ||| Stepping randomly (stuck).
  3726 | D:4      | 3726 ||| Stepping randomly (stuck).
  3727 | D:4      | 3727 ||| Stepping randomly (stuck).
  3728 | D:4      | 3728 ||| Stepping randomly (stuck).
  3729 | D:4      | 3729 ||| Stepping randomly (stuck).
  3730 | D:4      | 3730 ||| Stepping randomly (stuck).
  3731 | D:4      | 3731 ||| Stepping randomly (stuck).
  3732 | D:4      | 3732 ||| Stepping randomly (stuck).
  3733 | D:4      | 3733 ||| Stepping randomly (stuck).
  3734 | D:4      | 3734 ||| Stepping randomly (stuck).
  3735 | D:4      | 3735 ||| Stepping randomly (stuck).
  3736 | D:4      | 3736 ||| Stepping randomly (stuck).
  3737 | D:4      | 3737 ||| Stepping randomly (stuck).
  3738 | D:4      | 3738 ||| Stepping randomly (stuck).
  3739 | D:4      | 3739 ||| Stepping randomly (stuck).
  3740 | D:4      | 3740 ||| Stepping randomly (stuck).
  3741 | D:4      | 3741 ||| Stepping randomly (stuck).
  3742 | D:4      | 3742 ||| Stepping randomly (stuck).
  3743 | D:4      | 3743 ||| Stepping randomly (stuck).
  3744 | D:4      | 3744 ||| Stepping randomly (stuck).
  3745 | D:4      | 3745 ||| Stepping randomly (stuck).
  3746 | D:4      | 3746 ||| Stepping randomly (stuck).
  3747 | D:4      | 3747 ||| Stepping randomly (stuck).
  3748 | D:4      | 3748 ||| Stepping randomly (stuck).
  3749 | D:4      | 3749 ||| Stepping randomly (stuck).
  3750 | D:4      | 3750 ||| Stepping randomly (stuck).
  3751 | D:4      | 3751 ||| Stepping randomly (stuck).
  3752 | D:4      | 3752 ||| Stepping randomly (stuck).
  3753 | D:4      | 3753 ||| Stepping randomly (stuck).
  3754 | D:4      | 3754 ||| Stepping randomly (stuck).
  3755 | D:4      | 3755 ||| Stepping randomly (stuck).
  3756 | D:4      | 3756 ||| Stepping randomly (stuck).
  3757 | D:4      | 3757 ||| Stepping randomly (stuck).
  3758 | D:4      | 3758 ||| Stepping randomly (stuck).
  3759 | D:4      | 3759 ||| Stepping randomly (stuck).
  3760 | D:4      | 3760 ||| Stepping randomly (stuck).
  3761 | D:4      | 3761 ||| Stepping randomly (stuck).
  3762 | D:4      | 3762 ||| Stepping randomly (stuck).
  3763 | D:4      | 3763 ||| Stepping randomly (stuck).
  3764 | D:4      | 3764 ||| Stepping randomly (stuck).
  3765 | D:4      | 3765 ||| Stepping randomly (stuck).
  3766 | D:4      | 3766 ||| Stepping randomly (stuck).
  3767 | D:4      | 3767 ||| Stepping randomly (stuck).
  3768 | D:4      | 3768 ||| Stepping randomly (stuck).
  3769 | D:4      | 3769 ||| Stepping randomly (stuck).
  3770 | D:4      | 3770 ||| Stepping randomly (stuck).
  3771 | D:4      | 3771 ||| Stepping randomly (stuck).
  3772 | D:4      | 3772 ||| Stepping randomly (stuck).
  3773 | D:4      | 3773 ||| Stepping randomly (stuck).
  3774 | D:4      | 3774 ||| Stepping randomly (stuck).
  3775 | D:4      | 3775 ||| Stepping randomly (stuck).
  3776 | D:4      | 3776 ||| Stepping randomly (stuck).
  3777 | D:4      | 3777 ||| Stepping randomly (stuck).
  3778 | D:4      | 3778 ||| Stepping randomly (stuck).
  3779 | D:4      | 3779 ||| Stepping randomly (stuck).
  3780 | D:4      | 3780 ||| Stepping randomly (stuck).
  3781 | D:4      | 3781 ||| Stepping randomly (stuck).
  3782 | D:4      | 3782 ||| Stepping randomly (stuck).
  3783 | D:4      | 3783 ||| Stepping randomly (stuck).
  3784 | D:4      | 3784 ||| Stepping randomly (stuck).
  3785 | D:4      | 3785 ||| Stepping randomly (stuck).
  3786 | D:4      | 3786 ||| Stepping randomly (stuck).
  3787 | D:4      | 3787 ||| Stepping randomly (stuck).
  3788 | D:4      | 3788 ||| Stepping randomly (stuck).
  3789 | D:4      | 3789 ||| Stepping randomly (stuck).
  3790 | D:4      | 3790 ||| Stepping randomly (stuck).
  3791 | D:4      | 3791 ||| Stepping randomly (stuck).
  3792 | D:4      | 3792 ||| Stepping randomly (stuck).
  3793 | D:4      | 3793 ||| Stepping randomly (stuck).
  3794 | D:4      | 3794 ||| Stepping randomly (stuck).
  3795 | D:4      | 3795 ||| Stepping randomly (stuck).
  3796 | D:4      | 3796 ||| Stepping randomly (stuck).
  3797 | D:4      | 3797 ||| Stepping randomly (stuck).
  3798 | D:4      | 3798 ||| Stepping randomly (stuck).
  3799 | D:4      | 3799 ||| Stepping randomly (stuck).
  3800 | D:4      | 3800 ||| Stepping randomly (stuck).
  3801 | D:4      | 3801 ||| Stepping randomly (stuck).
  3802 | D:4      | 3802 ||| Stepping randomly (stuck).
  3803 | D:4      | 3803 ||| Stepping randomly (stuck).
  3804 | D:4      | 3804 ||| Stepping randomly (stuck).
  3805 | D:4      | 3805 ||| Stepping randomly (stuck).
  3806 | D:4      | 3806 ||| Stepping randomly (stuck).
  3807 | D:4      | 3807 ||| Stepping randomly (stuck).
  3808 | D:4      | 3808 ||| Stepping randomly (stuck).
  3809 | D:4      | 3809 ||| Stepping randomly (stuck).
  3810 | D:4      | 3810 ||| Stepping randomly (stuck).
  3811 | D:4      | 3811 ||| Stepping randomly (stuck).
  3812 | D:4      | 3812 ||| Stepping randomly (stuck).
  3813 | D:4      | 3813 ||| Stepping randomly (stuck).
  3814 | D:4      | 3814 ||| Stepping randomly (stuck).
  3815 | D:4      | 3815 ||| Stepping randomly (stuck).
  3816 | D:4      | 3816 ||| Stepping randomly (stuck).
  3817 | D:4      | 3817 ||| Stepping randomly (stuck).
  3818 | D:4      | 3818 ||| Stepping randomly (stuck).
  3819 | D:4      | 3819 ||| Stepping randomly (stuck).
  3820 | D:4      | 3820 ||| Stepping randomly (stuck).
  3821 | D:4      | 3821 ||| Stepping randomly (stuck).
  3822 | D:4      | 3822 ||| Stepping randomly (stuck).
  3823 | D:4      | 3823 ||| Stepping randomly (stuck).
  3824 | D:4      | 3824 ||| Stepping randomly (stuck).
  3825 | D:4      | 3825 ||| Stepping randomly (stuck).
  3826 | D:4      | 3826 ||| Stepping randomly (stuck).
  3827 | D:4      | 3827 ||| Stepping randomly (stuck).
  3828 | D:4      | 3828 ||| Stepping randomly (stuck).
  3829 | D:4      | 3829 ||| Stepping randomly (stuck).
  3830 | D:4      | 3830 ||| Stepping randomly (stuck).
  3831 | D:4      | 3831 ||| Stepping randomly (stuck).
  3832 | D:4      | 3832 ||| Stepping randomly (stuck).
  3833 | D:4      | 3833 ||| Stepping randomly (stuck).
  3834 | D:4      | 3834 ||| Stepping randomly (stuck).
  3835 | D:4      | 3835 ||| Stepping randomly (stuck).
  3836 | D:4      | 3836 ||| Stepping randomly (stuck).
  3837 | D:4      | 3837 ||| Stepping randomly (stuck).
  3838 | D:4      | 3838 ||| Stepping randomly (stuck).
  3839 | D:4      | 3839 ||| Stepping randomly (stuck).
  3840 | D:4      | 3840 ||| Stepping randomly (stuck).
  3841 | D:4      | 3841 ||| Stepping randomly (stuck).
  3842 | D:4      | 3842 ||| Stepping randomly (stuck).
  3843 | D:4      | 3843 ||| Stepping randomly (stuck).
  3844 | D:4      | 3844 ||| Stepping randomly (stuck).
  3845 | D:4      | 3845 ||| Stepping randomly (stuck).
  3846 | D:4      | 3846 ||| Stepping randomly (stuck).
  3847 | D:4      | 3847 ||| Stepping randomly (stuck).
  3848 | D:4      | 3848 ||| Stepping randomly (stuck).
  3849 | D:4      | 3849 ||| Stepping randomly (stuck).
  3850 | D:4      | 3850 ||| Stepping randomly (stuck).
  3851 | D:4      | 3851 ||| Stepping randomly (stuck).
  3852 | D:4      | 3852 ||| Stepping randomly (stuck).
  3853 | D:4      | 3853 ||| Stepping randomly (stuck).
  3854 | D:4      | 3854 ||| Stepping randomly (stuck).
  3855 | D:4      | 3855 ||| Stepping randomly (stuck).
  3856 | D:4      | 3856 ||| Stepping randomly (stuck).
  3857 | D:4      | 3857 ||| Stepping randomly (stuck).
  3858 | D:4      | 3858 ||| Stepping randomly (stuck).
  3859 | D:4      | 3859 ||| Stepping randomly (stuck).
  3860 | D:4      | 3860 ||| Stepping randomly (stuck).
  3861 | D:4      | 3861 ||| Stepping randomly (stuck).
  3862 | D:4      | 3862 ||| Stepping randomly (stuck).
  3863 | D:4      | 3863 ||| Stepping randomly (stuck).
  3864 | D:4      | 3864 ||| Stepping randomly (stuck).
  3865 | D:4      | 3865 ||| Stepping randomly (stuck).
  3866 | D:4      | 3866 ||| Stepping randomly (stuck).
  3867 | D:4      | 3867 ||| Stepping randomly (stuck).
  3868 | D:4      | 3868 ||| Stepping randomly (stuck).
  3869 | D:4      | 3869 ||| Stepping randomly (stuck).
  3870 | D:4      | 3870 ||| Stepping randomly (stuck).
  3871 | D:4      | 3871 ||| Stepping randomly (stuck).
  3872 | D:4      | 3872 ||| Stepping randomly (stuck).
  3873 | D:4      | 3873 ||| Stepping randomly (stuck).
  3874 | D:4      | 3874 ||| Stepping randomly (stuck).
  3875 | D:4      | 3875 ||| Stepping randomly (stuck).
  3876 | D:4      | 3876 ||| Stepping randomly (stuck).
  3877 | D:4      | 3877 ||| Stepping randomly (stuck).
  3878 | D:4      | 3878 ||| Stepping randomly (stuck).
  3879 | D:4      | 3879 ||| Stepping randomly (stuck).
  3880 | D:4      | 3880 ||| Stepping randomly (stuck).
  3881 | D:4      | 3881 ||| Stepping randomly (stuck).
  3882 | D:4      | 3882 ||| Stepping randomly (stuck).
  3883 | D:4      | 3883 ||| Stepping randomly (stuck).
  3884 | D:4      | 3884 ||| Stepping randomly (stuck).
  3885 | D:4      | 3885 ||| Stepping randomly (stuck).
  3886 | D:4      | 3886 ||| Stepping randomly (stuck).
  3887 | D:4      | 3887 ||| Stepping randomly (stuck).
  3888 | D:4      | 3888 ||| Stepping randomly (stuck).
  3889 | D:4      | 3889 ||| Stepping randomly (stuck).
  3890 | D:4      | 3890 ||| Stepping randomly (stuck).
  3891 | D:4      | 3891 ||| Stepping randomly (stuck).
  3892 | D:4      | 3892 ||| Stepping randomly (stuck).
  3893 | D:4      | 3893 ||| Stepping randomly (stuck).
  3894 | D:4      | 3894 ||| Stepping randomly (stuck).
  3895 | D:4      | 3895 ||| Stepping randomly (stuck).
  3896 | D:4      | 3896 ||| Stepping randomly (stuck).
  3897 | D:4      | 3897 ||| Stepping randomly (stuck).
  3898 | D:4      | 3898 ||| Stepping randomly (stuck).
  3899 | D:4      | 3899 ||| Stepping randomly (stuck).
  3900 | D:4      | 3900 ||| Stepping randomly (stuck).
  3901 | D:4      | 3901 ||| Stepping randomly (stuck).
  3902 | D:4      | 3902 ||| Stepping randomly (stuck).
  3903 | D:4      | 3903 ||| Stepping randomly (stuck).
  3904 | D:4      | 3904 ||| Stepping randomly (stuck).
  3905 | D:4      | 3905 ||| Stepping randomly (stuck).
  3906 | D:4      | 3906 ||| Stepping randomly (stuck).
  3907 | D:4      | 3907 ||| Stepping randomly (stuck).
  3908 | D:4      | 3908 ||| Stepping randomly (stuck).
  3909 | D:4      | 3909 ||| Stepping randomly (stuck).
  3910 | D:4      | 3910 ||| Stepping randomly (stuck).
  3911 | D:4      | 3911 ||| Stepping randomly (stuck).
  3912 | D:4      | 3912 ||| Stepping randomly (stuck).
  3913 | D:4      | 3913 ||| Stepping randomly (stuck).
  3914 | D:4      | 3914 ||| Stepping randomly (stuck).
  3915 | D:4      | 3915 ||| Stepping randomly (stuck).
  3916 | D:4      | 3916 ||| Stepping randomly (stuck).
  3917 | D:4      | 3917 ||| Stepping randomly (stuck).
  3918 | D:4      | 3918 ||| Stepping randomly (stuck).
  3919 | D:4      | 3919 ||| Stepping randomly (stuck).
  3920 | D:4      | 3920 ||| Stepping randomly (stuck).
  3921 | D:4      | 3921 ||| Stepping randomly (stuck).
  3922 | D:4      | 3922 ||| Stepping randomly (stuck).
  3923 | D:4      | 3923 ||| Stepping randomly (stuck).
  3924 | D:4      | 3924 ||| Stepping randomly (stuck).
  3925 | D:4      | 3925 ||| Stepping randomly (stuck).
  3926 | D:4      | 3926 ||| Stepping randomly (stuck).
  3927 | D:4      | 3927 ||| Stepping randomly (stuck).
  3928 | D:4      | 3928 ||| Stepping randomly (stuck).
  3929 | D:4      | 3929 ||| Stepping randomly (stuck).
  3930 | D:4      | 3930 ||| Stepping randomly (stuck).
  3931 | D:4      | 3931 ||| Stepping randomly (stuck).
  3932 | D:4      | 3932 ||| Stepping randomly (stuck).
  3933 | D:4      | 3933 ||| Stepping randomly (stuck).
  3934 | D:4      | 3934 ||| Stepping randomly (stuck).
  3935 | D:4      | 3935 ||| Stepping randomly (stuck).
  3936 | D:4      | 3936 ||| Stepping randomly (stuck).
  3937 | D:4      | 3937 ||| Stepping randomly (stuck).
  3938 | D:4      | 3938 ||| Stepping randomly (stuck).
  3939 | D:4      | 3939 ||| Stepping randomly (stuck).
  3940 | D:4      | 3940 ||| Stepping randomly (stuck).
  3941 | D:4      | 3941 ||| Stepping randomly (stuck).
  3942 | D:4      | 3942 ||| Stepping randomly (stuck).
  3943 | D:4      | 3943 ||| Stepping randomly (stuck).
  3944 | D:4      | 3944 ||| Stepping randomly (stuck).
  3945 | D:4      | 3945 ||| Stepping randomly (stuck).
  3946 | D:4      | 3946 ||| Stepping randomly (stuck).
  3947 | D:4      | 3947 ||| Stepping randomly (stuck).
  3948 | D:4      | 3948 ||| Stepping randomly (stuck).
  3949 | D:4      | 3949 ||| Stepping randomly (stuck).
  3950 | D:4      | 3950 ||| Stepping randomly (stuck).
  3951 | D:4      | 3951 ||| Stepping randomly (stuck).
  3952 | D:4      | 3952 ||| Stepping randomly (stuck).
  3953 | D:4      | 3953 ||| Stepping randomly (stuck).
  3954 | D:4      | 3954 ||| Stepping randomly (stuck).
  3955 | D:4      | 3955 ||| Stepping randomly (stuck).
  3956 | D:4      | 3956 ||| Stepping randomly (stuck).
  3957 | D:4      | 3957 ||| Stepping randomly (stuck).
  3958 | D:4      | 3958 ||| Stepping randomly (stuck).
  3959 | D:4      | 3959 ||| Stepping randomly (stuck).
  3960 | D:4      | 3960 ||| Stepping randomly (stuck).
  3961 | D:4      | 3961 ||| Stepping randomly (stuck).
  3962 | D:4      | 3962 ||| Stepping randomly (stuck).
  3963 | D:4      | 3963 ||| Stepping randomly (stuck).
  3964 | D:4      | 3964 ||| Stepping randomly (stuck).
  3965 | D:4      | 3965 ||| Stepping randomly (stuck).
  3966 | D:4      | 3966 ||| Stepping randomly (stuck).
  3967 | D:4      | 3967 ||| Stepping randomly (stuck).
  3968 | D:4      | 3968 ||| Stepping randomly (stuck).
  3969 | D:4      | 3969 ||| Stepping randomly (stuck).
  3970 | D:4      | 3970 ||| Stepping randomly (stuck).
  3971 | D:4      | 3971 ||| Stepping randomly (stuck).
  3972 | D:4      | 3972 ||| Stepping randomly (stuck).
  3973 | D:4      | 3973 ||| Stepping randomly (stuck).
  3974 | D:4      | 3974 ||| Stepping randomly (stuck).
  3975 | D:4      | 3975 ||| Stepping randomly (stuck).
  3976 | D:4      | 3976 ||| Stepping randomly (stuck).
  3977 | D:4      | 3977 ||| Stepping randomly (stuck).
  3978 | D:4      | 3978 ||| Stepping randomly (stuck).
  3979 | D:4      | 3979 ||| Stepping randomly (stuck).
  3980 | D:4      | 3980 ||| Stepping randomly (stuck).
  3981 | D:4      | 3981 ||| Stepping randomly (stuck).
  3982 | D:4      | 3982 ||| Stepping randomly (stuck).
  3983 | D:4      | 3983 ||| Stepping randomly (stuck).
  3984 | D:4      | 3984 ||| Stepping randomly (stuck).
  3985 | D:4      | 3985 ||| Stepping randomly (stuck).
  3986 | D:4      | 3986 ||| Stepping randomly (stuck).
  3987 | D:4      | 3987 ||| Stepping randomly (stuck).
  3988 | D:4      | 3988 ||| Stepping randomly (stuck).
  3989 | D:4      | 3989 ||| Stepping randomly (stuck).
  3990 | D:4      | 3990 ||| Stepping randomly (stuck).
  3991 | D:4      | 3991 ||| Stepping randomly (stuck).
  3992 | D:4      | 3992 ||| Stepping randomly (stuck).
  3993 | D:4      | 3993 ||| Stepping randomly (stuck).
  3994 | D:4      | 3994 ||| Stepping randomly (stuck).
  3995 | D:4      | 3995 ||| Stepping randomly (stuck).
  3996 | D:4      | 3996 ||| Stepping randomly (stuck).
  3997 | D:4      | 3997 ||| Stepping randomly (stuck).
  3998 | D:4      | 3998 ||| Stepping randomly (stuck).
  3999 | D:4      | 3999 ||| Stepping randomly (stuck).
  4000 | D:4      | 4000 ||| Stepping randomly (stuck).
  4001 | D:4      | 4001 ||| Stepping randomly (stuck).
  4002 | D:4      | 4002 ||| Stepping randomly (stuck).
  4003 | D:4      | 4003 ||| Stepping randomly (stuck).
  4004 | D:4      | 4004 ||| Stepping randomly (stuck).
  4005 | D:4      | 4005 ||| Stepping randomly (stuck).
  4006 | D:4      | 4006 ||| Stepping randomly (stuck).
  4007 | D:4      | 4007 ||| Stepping randomly (stuck).
  4008 | D:4      | 4008 ||| Stepping randomly (stuck).
  4009 | D:4      | 4009 ||| Stepping randomly (stuck).
  4010 | D:4      | 4010 ||| Stepping randomly (stuck).
  4011 | D:4      | 4011 ||| Stepping randomly (stuck).
  4012 | D:4      | 4012 ||| Stepping randomly (stuck).
  4013 | D:4      | 4013 ||| Stepping randomly (stuck).
  4014 | D:4      | 4014 ||| Stepping randomly (stuck).
  4015 | D:4      | 4015 ||| Stepping randomly (stuck).
  4016 | D:4      | 4016 ||| Stepping randomly (stuck).
  4017 | D:4      | 4017 ||| Stepping randomly (stuck).
  4018 | D:4      | 4018 ||| Stepping randomly (stuck).
  4019 | D:4      | 4019 ||| Stepping randomly (stuck).
  4020 | D:4      | 4020 ||| Stepping randomly (stuck).
  4021 | D:4      | 4021 ||| Stepping randomly (stuck).
  4022 | D:4      | 4022 ||| Stepping randomly (stuck).
  4023 | D:4      | 4023 ||| Stepping randomly (stuck).
  4024 | D:4      | 4024 ||| Stepping randomly (stuck).
  4025 | D:4      | 4025 ||| Stepping randomly (stuck).
  4026 | D:4      | 4026 ||| Stepping randomly (stuck).
  4027 | D:4      | 4027 ||| Stepping randomly (stuck).
  4028 | D:4      | 4028 ||| Stepping randomly (stuck).
  4029 | D:4      | 4029 ||| Stepping randomly (stuck).
  4030 | D:4      | 4030 ||| Stepping randomly (stuck).
  4031 | D:4      | 4031 ||| Stepping randomly (stuck).
  4032 | D:4      | 4032 ||| Stepping randomly (stuck).
  4033 | D:4      | 4033 ||| Stepping randomly (stuck).
  4034 | D:4      | 4034 ||| Stepping randomly (stuck).
  4035 | D:4      | 4035 ||| Stepping randomly (stuck).
  4036 | D:4      | 4036 ||| Stepping randomly (stuck).
  4037 | D:4      | 4037 ||| Stepping randomly (stuck).
  4038 | D:4      | 4038 ||| Stepping randomly (stuck).
  4039 | D:4      | 4039 ||| Stepping randomly (stuck).
  4040 | D:4      | 4040 ||| Stepping randomly (stuck).
  4041 | D:4      | 4041 ||| Stepping randomly (stuck).
  4042 | D:4      | 4042 ||| Stepping randomly (stuck).
  4043 | D:4      | 4043 ||| Stepping randomly (stuck).
  4044 | D:4      | 4044 ||| Stepping randomly (stuck).
  4045 | D:4      | 4045 ||| Stepping randomly (stuck).
  4046 | D:4      | 4046 ||| Stepping randomly (stuck).
  4047 | D:4      | 4047 ||| Stepping randomly (stuck).
  4048 | D:4      | 4048 ||| Stepping randomly (stuck).
  4049 | D:4      | 4049 ||| Stepping randomly (stuck).
  4050 | D:4      | 4050 ||| Stepping randomly (stuck).
  4051 | D:4      | 4051 ||| Stepping randomly (stuck).
  4052 | D:4      | 4052 ||| Stepping randomly (stuck).
  4053 | D:4      | 4053 ||| Stepping randomly (stuck).
  4054 | D:4      | 4054 ||| Stepping randomly (stuck).
  4055 | D:4      | 4055 ||| Stepping randomly (stuck).
  4056 | D:4      | 4056 ||| Stepping randomly (stuck).
  4057 | D:4      | 4057 ||| Stepping randomly (stuck).
  4058 | D:4      | 4058 ||| Stepping randomly (stuck).
  4059 | D:4      | 4059 ||| Stepping randomly (stuck).
  4060 | D:4      | 4060 ||| Stepping randomly (stuck).
  4061 | D:4      | 4061 ||| Stepping randomly (stuck).
  4062 | D:4      | 4062 ||| Stepping randomly (stuck).
  4063 | D:4      | 4063 ||| Stepping randomly (stuck).
  4064 | D:4      | 4064 ||| Stepping randomly (stuck).
  4065 | D:4      | 4065 ||| Stepping randomly (stuck).
  4066 | D:4      | 4066 ||| Stepping randomly (stuck).
  4067 | D:4      | 4067 ||| Stepping randomly (stuck).
  4068 | D:4      | 4068 ||| Stepping randomly (stuck).
  4069 | D:4      | 4069 ||| Stepping randomly (stuck).
  4070 | D:4      | 4070 ||| Stepping randomly (stuck).
  4071 | D:4      | 4071 ||| Stepping randomly (stuck).
  4072 | D:4      | 4072 ||| Stepping randomly (stuck).
  4073 | D:4      | 4073 ||| Stepping randomly (stuck).
  4074 | D:4      | 4074 ||| Stepping randomly (stuck).
  4075 | D:4      | 4075 ||| Stepping randomly (stuck).
  4076 | D:4      | 4076 ||| Stepping randomly (stuck).
  4077 | D:4      | 4077 ||| Stepping randomly (stuck).
  4078 | D:4      | 4078 ||| Stepping randomly (stuck).
  4079 | D:4      | 4079 ||| Stepping randomly (stuck).
  4080 | D:4      | 4080 ||| Stepping randomly (stuck).
  4081 | D:4      | 4081 ||| Stepping randomly (stuck).
  4082 | D:4      | 4082 ||| Stepping randomly (stuck).
  4083 | D:4      | 4083 ||| Stepping randomly (stuck).
  4084 | D:4      | 4084 ||| Stepping randomly (stuck).
  4085 | D:4      | 4085 ||| Stepping randomly (stuck).
  4086 | D:4      | 4086 ||| Stepping randomly (stuck).
  4087 | D:4      | 4087 ||| Stepping randomly (stuck).
  4088 | D:4      | 4088 ||| Stepping randomly (stuck).
  4089 | D:4      | 4089 ||| Stepping randomly (stuck).
  4090 | D:4      | 4090 ||| Stepping randomly (stuck).
  4091 | D:4      | 4091 ||| Stepping randomly (stuck).
  4092 | D:4      | 4092 ||| Stepping randomly (stuck).
  4093 | D:4      | 4093 ||| Stepping randomly (stuck).
  4094 | D:4      | 4094 ||| Stepping randomly (stuck).
  4095 | D:4      | 4095 ||| Stepping randomly (stuck).
  4096 | D:4      | 4096 ||| Stepping randomly (stuck).
  4097 | D:4      | 4097 ||| Stepping randomly (stuck).
  4098 | D:4      | 4098 ||| Stepping randomly (stuck).
  4099 | D:4      | 4099 ||| Stepping randomly (stuck).
  4100 | D:4      | 4100 ||| Stepping randomly (stuck).
  4101 | D:4      | 4101 ||| Stepping randomly (stuck).
  4102 | D:4      | 4102 ||| Stepping randomly (stuck).
  4103 | D:4      | 4103 ||| Stepping randomly (stuck).
  4104 | D:4      | 4104 ||| Stepping randomly (stuck).
  4105 | D:4      | 4105 ||| Stepping randomly (stuck).
  4106 | D:4      | 4106 ||| Stepping randomly (stuck).
  4107 | D:4      | 4107 ||| Stepping randomly (stuck).
  4108 | D:4      | 4108 ||| Stepping randomly (stuck).
  4109 | D:4      | 4109 ||| Stepping randomly (stuck).
  4110 | D:4      | 4110 ||| Stepping randomly (stuck).
  4111 | D:4      | 4111 ||| Stepping randomly (stuck).
  4112 | D:4      | 4112 ||| Stepping randomly (stuck).
  4113 | D:4      | 4113 ||| Stepping randomly (stuck).
  4114 | D:4      | 4114 ||| Stepping randomly (stuck).
  4115 | D:4      | 4115 ||| Stepping randomly (stuck).
  4116 | D:4      | 4116 ||| Stepping randomly (stuck).
  4117 | D:4      | 4117 ||| Stepping randomly (stuck).
  4118 | D:4      | 4118 ||| Stepping randomly (stuck).
  4119 | D:4      | 4119 ||| Stepping randomly (stuck).
  4120 | D:4      | 4120 ||| Stepping randomly (stuck).
  4121 | D:4      | 4121 ||| Stepping randomly (stuck).
  4122 | D:4      | 4122 ||| Stepping randomly (stuck).
  4123 | D:4      | 4123 ||| Stepping randomly (stuck).
  4124 | D:4      | 4124 ||| Stepping randomly (stuck).
  4125 | D:4      | 4125 ||| Stepping randomly (stuck).
  4126 | D:4      | 4126 ||| Stepping randomly (stuck).
  4127 | D:4      | 4127 ||| Stepping randomly (stuck).
  4128 | D:4      | 4128 ||| Stepping randomly (stuck).
  4129 | D:4      | 4129 ||| Stepping randomly (stuck).
  4130 | D:4      | 4130 ||| Stepping randomly (stuck).
  4131 | D:4      | 4131 ||| Stepping randomly (stuck).
  4132 | D:4      | 4132 ||| Stepping randomly (stuck).
  4133 | D:4      | 4133 ||| Stepping randomly (stuck).
  4134 | D:4      | 4134 ||| Stepping randomly (stuck).
  4135 | D:4      | 4135 ||| Stepping randomly (stuck).
  4136 | D:4      | 4136 ||| Stepping randomly (stuck).
  4137 | D:4      | 4137 ||| Stepping randomly (stuck).
  4138 | D:4      | 4138 ||| Stepping randomly (stuck).
  4139 | D:4      | 4139 ||| Stepping randomly (stuck).
  4140 | D:4      | 4140 ||| Stepping randomly (stuck).
  4141 | D:4      | 4141 ||| Stepping randomly (stuck).
  4142 | D:4      | 4142 ||| Stepping randomly (stuck).
  4143 | D:4      | 4143 ||| Stepping randomly (stuck).
  4144 | D:4      | 4144 ||| Stepping randomly (stuck).
  4145 | D:4      | 4145 ||| Stepping randomly (stuck).
  4146 | D:4      | 4146 ||| Stepping randomly (stuck).
  4147 | D:4      | 4147 ||| Stepping randomly (stuck).
  4148 | D:4      | 4148 ||| Stepping randomly (stuck).
  4149 | D:4      | 4149 ||| Stepping randomly (stuck).
  4150 | D:4      | 4150 ||| Stepping randomly (stuck).
  4151 | D:4      | 4151 ||| Stepping randomly (stuck).
  4152 | D:4      | 4152 ||| Stepping randomly (stuck).
  4153 | D:4      | 4153 ||| Stepping randomly (stuck).
  4154 | D:4      | 4154 ||| Stepping randomly (stuck).
  4155 | D:4      | 4155 ||| Stepping randomly (stuck).
  4156 | D:4      | 4156 ||| Stepping randomly (stuck).
  4157 | D:4      | 4157 ||| Stepping randomly (stuck).
  4158 | D:4      | 4158 ||| Stepping randomly (stuck).
  4159 | D:4      | 4159 ||| Stepping randomly (stuck).
  4160 | D:4      | 4160 ||| Stepping randomly (stuck).
  4161 | D:4      | 4161 ||| Stepping randomly (stuck).
  4162 | D:4      | 4162 ||| Stepping randomly (stuck).
  4163 | D:4      | 4163 ||| Stepping randomly (stuck).
  4164 | D:4      | 4164 ||| Stepping randomly (stuck).
  4165 | D:4      | 4165 ||| Stepping randomly (stuck).
  4166 | D:4      | 4166 ||| Stepping randomly (stuck).
  4167 | D:4      | 4167 ||| Stepping randomly (stuck).
  4168 | D:4      | 4168 ||| Stepping randomly (stuck).
  4169 | D:4      | 4169 ||| Stepping randomly (stuck).
  4170 | D:4      | 4170 ||| Stepping randomly (stuck).
  4171 | D:4      | 4171 ||| Stepping randomly (stuck).
  4172 | D:4      | 4172 ||| Stepping randomly (stuck).
  4173 | D:4      | 4173 ||| Stepping randomly (stuck).
  4174 | D:4      | 4174 ||| Stepping randomly (stuck).
  4175 | D:4      | 4175 ||| Stepping randomly (stuck).
  4176 | D:4      | 4176 ||| Stepping randomly (stuck).
  4177 | D:4      | 4177 ||| Stepping randomly (stuck).
  4178 | D:4      | 4178 ||| Stepping randomly (stuck).
  4179 | D:4      | 4179 ||| Stepping randomly (stuck).
  4180 | D:4      | 4180 ||| Stepping randomly (stuck).
  4181 | D:4      | 4181 ||| Stepping randomly (stuck).
  4182 | D:4      | 4182 ||| Stepping randomly (stuck).
  4183 | D:4      | 4183 ||| Stepping randomly (stuck).
  4184 | D:4      | 4184 ||| Stepping randomly (stuck).
  4185 | D:4      | 4185 ||| Stepping randomly (stuck).
  4186 | D:4      | 4186 ||| Stepping randomly (stuck).
  4187 | D:4      | 4187 ||| Stepping randomly (stuck).
  4188 | D:4      | 4188 ||| Stepping randomly (stuck).
  4189 | D:4      | 4189 ||| Stepping randomly (stuck).
  4190 | D:4      | 4190 ||| Stepping randomly (stuck).
  4191 | D:4      | 4191 ||| Stepping randomly (stuck).
  4192 | D:4      | 4192 ||| Stepping randomly (stuck).
  4193 | D:4      | 4193 ||| Stepping randomly (stuck).
  4194 | D:4      | 4194 ||| Stepping randomly (stuck).
  4195 | D:4      | 4195 ||| Stepping randomly (stuck).
  4196 | D:4      | 4196 ||| Stepping randomly (stuck).
  4197 | D:4      | 4197 ||| Stepping randomly (stuck).
  4198 | D:4      | 4198 ||| Stepping randomly (stuck).
  4199 | D:4      | 4199 ||| Stepping randomly (stuck).
  4200 | D:4      | 4200 ||| Stepping randomly (stuck).
  4201 | D:4      | 4201 ||| Stepping randomly (stuck).
  4202 | D:4      | 4202 ||| Stepping randomly (stuck).
  4203 | D:4      | 4203 ||| Stepping randomly (stuck).
  4204 | D:4      | 4204 ||| Stepping randomly (stuck).
  4205 | D:4      | 4205 ||| Stepping randomly (stuck).
  4206 | D:4      | 4206 ||| Stepping randomly (stuck).
  4207 | D:4      | 4207 ||| Stepping randomly (stuck).
  4208 | D:4      | 4208 ||| Stepping randomly (stuck).
  4209 | D:4      | 4209 ||| Stepping randomly (stuck).
  4210 | D:4      | 4210 ||| Stepping randomly (stuck).
  4211 | D:4      | 4211 ||| Stepping randomly (stuck).
  4212 | D:4      | 4212 ||| Stepping randomly (stuck).
  4213 | D:4      | 4213 ||| Stepping randomly (stuck).
  4214 | D:4      | 4214 ||| Stepping randomly (stuck).
  4215 | D:4      | 4215 ||| Stepping randomly (stuck).
  4216 | D:4      | 4216 ||| Stepping randomly (stuck).
  4217 | D:4      | 4217 ||| Stepping randomly (stuck).
  4218 | D:4      | 4218 ||| Stepping randomly (stuck).
  4219 | D:4      | 4219 ||| Stepping randomly (stuck).
  4220 | D:4      | 4220 ||| Stepping randomly (stuck).
  4221 | D:4      | 4221 ||| Stepping randomly (stuck).
  4222 | D:4      | 4222 ||| Stepping randomly (stuck).
  4223 | D:4      | 4223 ||| Stepping randomly (stuck).
  4224 | D:4      | 4224 ||| Stepping randomly (stuck).
  4225 | D:4      | 4225 ||| Stepping randomly (stuck).
  4226 | D:4      | 4226 ||| Stepping randomly (stuck).
  4227 | D:4      | 4227 ||| Stepping randomly (stuck).
  4228 | D:4      | 4228 ||| Stepping randomly (stuck).
  4229 | D:4      | 4229 ||| Stepping randomly (stuck).
  4230 | D:4      | 4230 ||| Stepping randomly (stuck).
  4231 | D:4      | 4231 ||| Stepping randomly (stuck).
  4232 | D:4      | 4232 ||| Stepping randomly (stuck).
  4233 | D:4      | 4233 ||| Stepping randomly (stuck).
  4234 | D:4      | 4234 ||| Stepping randomly (stuck).
  4235 | D:4      | 4235 ||| Stepping randomly (stuck).
  4236 | D:4      | 4236 ||| Stepping randomly (stuck).
  4237 | D:4      | 4237 ||| Stepping randomly (stuck).
  4238 | D:4      | 4238 ||| Stepping randomly (stuck).
  4239 | D:4      | 4239 ||| Stepping randomly (stuck).
  4240 | D:4      | 4240 ||| Stepping randomly (stuck).
  4241 | D:4      | 4241 ||| Stepping randomly (stuck).
  4242 | D:4      | 4242 ||| Stepping randomly (stuck).
  4243 | D:4      | 4243 ||| Stepping randomly (stuck).
  4244 | D:4      | 4244 ||| Stepping randomly (stuck).
  4245 | D:4      | 4245 ||| Stepping randomly (stuck).
  4246 | D:4      | 4246 ||| Stepping randomly (stuck).
  4522 | D:2      | Found a runed translucent door.
  4523 | D:2      | Noticed Crazy Yiuf
  4629 | D:3      | Noticed Natasha
  4635 | D:3      | Killed Natasha
  4767 | D:3      | Found a hide-covered altar of Uskayaw.
  4798 | D:3      | Noticed Natasha
  4829 | D:3      | 4829 ||| FLEEEEING.
  4830 | D:3      | 4830 ||| STAIRDANCE
  4910 | D:2      | 4910 ||| UPGRADING to +0 cloak.
  4915 | D:2      | 4915 ||| READING scroll labelled JENAG BA FYCECSEI.
  4916 | D:2      | 4916 ||| READING scroll labelled JYBU AKIKK.
  4916 | D:2      | 4916 ||| ENCHANTING +0 cloak.
  4982 | D:3      | Killed Natasha
  4983 | D:3      | Reached skill level 6 in Dodging
  5019 | D:3      | Noticed Natasha
  5026 | D:3      | Killed Natasha
  5032 | D:3      | Identified the +8 shortbow "Viushreiw" {heavy, rC++ rCorr
                  | Stlth+}
  5034 | D:3      | 5034 ||| SWAPPING to +8 shortbow "Viushreiw" {heavy, rC++
                  | rCorr Stlth+}.
  5035 | D:3      | 5035 ||| DROPPING +0 shortbow.
  5112 | D:3      | Found a runed translucent gate.
  5112 | D:3      | Found a runed translucent gate.
  5112 | D:3      | Found a runed translucent gate.
  5112 | D:3      | Noticed qw's ghost (amateur DEHu)
  5114 | D:3      | 5114 ||| READING scroll labelled VYSILU ALIUXUCO.
  5115 | D:3      | Found a basalt altar of Yredelemnul.
  5235 | D:3      | Found a snail-covered altar of Cheibriados.
  5243 | D:3      | Found a sacrificial altar of Ru.
  5243 | D:3      | Found a blossoming altar of Fedhas.
  5243 | D:3      | Found an ancient bone altar of Kikubaaqudgha.
  5244 | D:3      | Found a bloodstained altar of Trog.
  5247 | D:3      | Found a burning altar of Makhleb.
  5367 | D:3      | 5367 ||| READING scroll of enchant armour.
  5367 | D:3      | 5367 ||| ENCHANTING +1 cloak.
  5593 | D:4      | Found a broken altar of Ashenzari.
  5713 | D:4      | Reached XP level 7. HP: 35/35 MP: 8/8
  5764 | D:4      | Found the amulet of the Air {Inacc Air Fly rElec RMsl}
  6424 | D:4      | 6424 ||| UPGRADING to scarf of resistance.
  6434 | D:4      | 6434 ||| UPGRADING to amulet of the Air {Inacc Air Fly
                  | rElec RMsl}.
  6439 | D:4      | 6439 ||| UPGRADING to ring of fire.
  6440 | D:4      | 6440 ||| UPGRADING to +2 cloak.
  6450 | D:4      | 6450 ||| READING scroll labelled NUICZI WUSTUTE.
  6472 | D:5      | Entered Level 5 of the Dungeon
  6864 | D:5      | Reached skill level 3 in Fighting
  6977 | D:5      | 6977 ||| READING scroll labelled TUCVEIZ AGRA.
  6978 | D:5      | 6978 ||| DRINKING 2 green potions.
  6979 | D:5      | 6979 ||| DRINKING 3 grey potions.
  6980 | D:5      | 6980 ||| DROPPING 2 potions of brilliance.
  7021 | D:6      | Reached XP level 8. HP: 40/40 MP: 9/9
  7356 | D:6      | Reached skill level 9 in Ranged Weapons
  7375 | D:6      | 7375 ||| RETREEEEATING.
  7383 | D:6      | Reached skill level 9 in Dodging
  7383 | D:6      | HP: 6/40 [kobold brigand/+0 dagger (5)]
  7384 | D:6      | 7384 ||| READING scroll of teleportation.
  7385 | D:6      | 7385 ||| DRINKING potion of heal wounds.
  7639 | D:6      | Found a staircase to the Ecumenical Temple.
  7640 | D:6      | 7640 ||| PLANNING TEMPLE
  7640 | D:6      | 7640 ||| UPGRADING to +4 ring of protection.
  7641 | D:6      | 7641 ||| READING scroll labelled ZAEH ROUNG.
  7750 | Temple   | Entered the Ecumenical Temple
  7751 | Temple   | 7751 ||| PLANNING OKAWARU WORSHIP
  7757 | Temple   | Became a worshipper of Warmaster Okawaru
  7758 | Temple   | 7758 ||| PLANNING D:1-11
  7862 | D:7      | Reached XP level 9. HP: 39/44 MP: 10/10
  8063 | D:7      | Found a flagged portal.
  8162 | D:7      | 8162 ||| RETREEEEATING.
  8168 | D:7      | 8168 ||| RETREEEEATING.
  8177 | D:7      | HP: 10/45 [killer bee (5)]
  8178 | D:7      | 8178 ||| READING scroll of teleportation.
  8186 | D:7      | 8186 ||| RETREEEEATING.
  8187 | D:7      | 8187 ||| RETREEEEATING.
  8188 | D:7      | 8188 ||| RETREEEEATING.
  8190 | D:7      | 8190 ||| RETREEEEATING.
  8191 | D:7      | 8191 ||| RETREEEEATING.
  8193 | D:7      | 8193 ||| RETREEEEATING.
  8194 | D:7      | 8194 ||| RETREEEEATING.
  8195 | D:7      | 8195 ||| RETREEEEATING.
  8196 | D:7      | 8196 ||| RETREEEEATING.
  8197 | D:7      | 8197 ||| RETREEEEATING.
  8208 | D:7      | Reached * piety under Okawaru
  8257 | D:7      | HP: 8/45 [wight/+4 dire flail (10)]
  8259 | D:7      | Reached skill level 1 in Invocations
  8566 | D:7      | Noticed a troll
  8568 | D:7      | 8568 ||| INVOKING Heroism.
  8573 | D:7      | Killed a troll
  8887 | D:7      | 8887 ||| UPGRADING to +0 steam dragon scales.
  8897 | D:7      | 8897 ||| DROPPING +0 robe.
  8898 | D:7      | 8898 ||| UPGRADING to +2 hat.
  8903 | D:7      | 8903 ||| READING scroll labelled WIYX YM OLYAM.
  8903 | D:7      | Identified a scroll of acquirement
  8903 | D:7      | 8903 ||| ACQUIRING amulet of Folisuc {Acrobat Harm Int+3}
  8903 | D:7      | Acquired the amulet of Folisuc {Acrobat Harm Int+3}
  8905 | D:7      | 8905 ||| READING scroll labelled JIOWECLAUL.
  8906 | D:7      | 8906 ||| DRINKING 2 sedimented clear potions.
  8915 | D:8      | Reached skill level 1 in Armour
  8921 | D:8      | 8921 ||| STAIRDANCE
  8927 | D:7      | Reached skill level 3 in Invocations
  9161 | D:8      | 9161 ||| INVOKING Heroism.
  9169 | D:8      | Reached XP level 10. HP: 49/49 MP: 11/13
  9180 | D:8      | Reached ** piety under Okawaru
  9214 | D:8      | Reached skill level 12 in Dodging
  9217 | D:8      | Found a staircase to the Lair.
  9274 | D:8      | 9274 ||| RETREEEEATING.
  9275 | D:8      | 9275 ||| RETREEEEATING.
  9276 | D:8      | 9276 ||| RETREEEEATING.
  9277 | D:8      | 9277 ||| RETREEEEATING.
  9278 | D:8      | 9278 ||| RETREEEEATING.
  9279 | D:8      | 9279 ||| RETREEEEATING.
  9280 | D:8      | 9280 ||| RETREEEEATING.
  9725 | D:8      | 9725 ||| PLANNING LAIR
  9725 | D:8      | 9725 ||| READING 3 scrolls labelled ITTIAP TIALAQ.
  9725 | D:8      | 9725 ||| IDENTIFYING orange potion
  9726 | D:8      | 9726 ||| READING 2 scrolls of identify.
  9726 | D:8      | 9726 ||| IDENTIFYING fuming dark potion
  9727 | D:8      | 9727 ||| READING scroll of identify.
  9727 | D:8      | 9727 ||| IDENTIFYING gluggy clear potion
  9728 | D:8      | 9728 ||| READING 2 scrolls labelled XUUPHE XUX YKUR.
  9728 | D:8      | 9728 ||| ENCHANTING +0 orcbow.
  9729 | D:8      | 9729 ||| READING scroll labelled DIEMNU BAASERGH.
  9830 | D:8      | 9830 ||| DRINKING 2 white potions.
  9831 | D:8      | 9831 ||| DROPPING potion of berserk rage.
  9832 | D:8      | 9832 ||| DROPPING potion of ambrosia.
  9899 | Lair:1   | Entered Level 1 of the Lair of Beasts
  9899 | Lair:1   | Noticed a cane toad
  9909 | Lair:1   | Killed a cane toad
  9924 | Lair:1   | Noticed an elephant
  9925 | Lair:1   | 9925 ||| INVOKING Heroism.
  9926 | Lair:1   | Noticed an elephant
  9927 | Lair:1   | Noticed an elephant
  9929 | Lair:1   | Noticed an elephant
  9929 | Lair:1   | Noticed an elephant
  9930 | Lair:1   | 9930 ||| DRINKING potion of haste.
  9931 | Lair:1   | Killed an elephant
  9932 | Lair:1   | Reached skill level 12 in Ranged Weapons
  9938 | Lair:1   | Killed an elephant
  9938 | Lair:1   | Reached *** piety under Okawaru
  9943 | Lair:1   | Killed an elephant
  9959 | Lair:1   | Killed an elephant
  9969 | Lair:1   | Killed an elephant
 10048 | Lair:1   | Noticed a cane toad
 10049 | Lair:1   | 10049 ||| INVOKING Heroism.
 10053 | Lair:1   | Killed a cane toad
 10091 | Lair:1   | Noticed a cane toad
 10092 | Lair:1   | 10092 ||| INVOKING Heroism.
 10094 | Lair:1   | Killed a cane toad
 10095 | Lair:1   | Reached XP level 11. HP: 56/56 MP: 12/15
 10270 | Lair:1   | 10270 ||| RETREEEEATING.
 10272 | Lair:1   | 10272 ||| RETREEEEATING.
 10273 | Lair:1   | 10273 ||| RETREEEEATING.
 10276 | Lair:1   | 10276 ||| RETREEEEATING.
 10278 | Lair:1   | 10278 ||| RETREEEEATING.
 10286 | Lair:1   | Reached **** piety under Okawaru
 10877 | Lair:1   | 10877 ||| READING 2 scrolls of identify.
 10877 | Lair:1   | 10877 ||| IDENTIFYING bubbling red potion
 10878 | Lair:1   | 10878 ||| READING scroll of identify.
 10878 | Lair:1   | 10878 ||| IDENTIFYING viscous inky potion
 10879 | Lair:1   | 10879 ||| DROPPING potion of lignification.
 10880 | Lair:1   | 10880 ||| DROPPING potion of attraction.
 10939 | Lair:2   | Noticed a death yak
 10940 | Lair:2   | 10940 ||| INVOKING Finesse.
 10940 | Lair:2   | Noticed a death yak
 10943 | Lair:2   | Noticed a death yak
 10943 | Lair:2   | Noticed a death yak
 10944 | Lair:2   | Noticed a death yak
 10945 | Lair:2   | 10945 ||| RETREEEEATING.
 10947 | Lair:2   | 10947 ||| RETREEEEATING.
 10951 | Lair:2   | Killed a death yak
 10962 | Lair:2   | Killed a death yak
 10962 | Lair:2   | HP: 2/56 [death yak (19)]
 10964 | Lair:2   | Slain by a death yak

Levels and vault maps discovered:
D:1:      erik_arrival_orb_chamber, layout_loops_corners, serial_bayou,
          serial_bayou_pond_b, serial_bayou_shore_a, serial_bayou_lagoon_a,
          serial_bayou_pond_e, hangedman_decor_clover_reticule, fountainhead
D:2:      layout_loops_corners, uniq_terence, uniq_crazy_yiuf_cottage,
          uniq_sigmund
D:3:      layout_loops_cross, mainiacjoe_overflow_alcove_1, minitemple,
          nicolae_yredelemnul_ghost_church, minmay_bisected, uniq_natasha
D:4:      layout_layer_cave, nicolae_ashenzari_skybound, lemuel_crystal_altar
D:5:      layout_rooms, lemuel_flamethrower_1
D:6:      layout_basic, minmay_temple_entry_overgrown,
          minmay_misc_feat_secret_circle
D:7:      layout_loops_cross, enter_bailey_3
D:8:      layout_loops_ring, minmay_lair_entry_grove
Temple:   compressed_dpeg_circular_temple
Lair:1:   hellmonk_destroyed_diamonds, layout_cave_pods,
          infiniplex_staircase_pool
Lair:2:   layout_cave_pods, spider_nest_entry_a, lemuel_fruit_fields

Skill      XL: |  1  2  3  4  5  6  7  8  9 10 11 |
---------------+----------------------------------+-----
Dodging        | 3 4 5 6 7 9 11 13 | 13.1
Ranged Weapons | 6 7 8 10 12 13 | 13.0
Fighting       | 2 3 4 5 |  5.2
Invocations    | 3 4 5 |  5.0
Armour         | 1 |  1.2
Stealth        | |  1.5

Action                     |  1- 3 |  4- 6 |  7- 9 | 10-12 || total
---------------------------+-------+-------+-------+-------++-------
   Fire: Shortbow          |   100 |   136 |   281 |   165 ||   682
 Invoke: Heroism           |       |       |     2 |     3 ||     5
         Finesse           |       |       |       |     1 ||     1
    Use: Scroll            |     2 |     6 |     7 |     7 ||    22
         Potion            |     2 |       |     4 |     2 ||     8
 Armour: Robe              |     8 |    18 |    41 |       ||    67
         Steam dragon scal |       |       |     2 |    29 ||    31
  Dodge: Dodged            |    30 |    61 |   240 |   121 ||   452
         Repelled          |       |       |     1 |     1 ||     2

Table legend:
 A = Non-vault XP
 B = Vault XP
 C = Vault XP percentage of total XP
 D = Non-vault monster count
 E = Vault monster count
 F = Vault count percentage of total count
                 A         B        C        D         E       F
            +---------+---------+-------+---------+---------+-------
      Total |   12273 |    2227 |  15.4 |     200 |      21 |   9.5
            +---------+---------+-------+---------+---------+-------
        D:1 |      34 |       1 |   2.9 |      19 |       1 |   5.0
        D:2 |      33 |     279 |  89.4 |      18 |       2 |  10.0
        D:3 |     121 |     115 |  48.7 |      19 |       4 |  17.4
        D:4 |     246 |       0 |   0.0 |      26 |       0 |   0.0
        D:5 |     513 |       0 |   0.0 |      15 |       0 |   0.0
        D:6 |    1369 |       0 |   0.0 |      38 |       0 |   0.0
        D:7 |    1920 |       8 |   0.4 |      35 |       4 |  10.3
        D:8 |     983 |    1824 |  65.0 |      11 |      10 |  47.6
     Lair:1 |    5450 |       0 |   0.0 |      17 |       0 |   0.0
     Lair:2 |    1604 |       0 |   0.0 |       2 |       0 |   0.0
            +---------+---------+-------+---------+---------+-------
